 Dungeon Crawl Stone Soup version 0.29.1-4-g47bece8355 (webtiles) character file.

Game seed: 3336303388256931075

3619029 Ntrails the Maledictor (level 27, 156/156 HPs)
             Began as a Vine Stalker Enchanter on Dec 3, 2022.
             Was an Initiate of Gozag.
             Escaped with the Orb
             ... and 6 runes on Dec 11, 2022!
             The game lasted 06:51:14 (85535 turns).

Ntrails the Maledictor (Vine Stalker Enchanter)    Turns: 85535, Time: 06:51:15

Health: 156/156    AC: 26    Str: 13    XL:     27
Magic:  39/44      EV: 32    Int: 30    God:    Gozag
Gold:   8712       SH: 24    Dex: 32    Spells: 6/58 levels left

rFire   + + .      SeeInvis +   n - +9 rapier (speed)
rCold   + + +      Faith    .   E - +0 kite shield "Kirghuju" {rC+ rN++ Int+4 Dex-4}
rNeg    + + .      Spirit   +   F - +5 steam dragon scales
rPois   +          Reflect  +   w - +2 hat
rElec   +          Harm     .   p - +2 cloak of the Morning Star {rF+ rCorr Str+3}
rCorr   +          Rampage  .   s - +2 pair of gloves of the Armoured One {rElec rF- Will+ Int+3}
Will    ++++.                   x - +2 pair of boots {Fly}
Stlth   ++++......              Z - amulet "Qoavotat" {Reflect Fly Str-4 SH+5 SInv Stlth+}
HPRegen 1.16/turn               P - ring of the Wizarding Jester {rPois rC+ Int+5 Dex+4 Stlth+}
MPRegen 0.29/turn               D - ring of Hesibaas {rElec rF+ Int+3 Dex+6}

@: mighty, brilliant, resistant, gold aura, attractive, flying, very slightly
contaminated, hasted, studying Earth Magic, invisible, very quick
A: fangs 3, regeneration 1, magic shield, antimagic bite, no potion heal 2,
antennae 1
0: Orb of Zot
}: 6/15 runes: decaying, slimy, silver, golden, abyssal, gossamer
a: Renounce Religion, Potion Petition, Call Merchant, Bribe Branch


You escaped.
You worshipped Gozag.
Gozag was greatly pleased with you.
You visited 13 branches of the dungeon, and saw 59 of its levels.
You visited the Abyss 1 time.
You also visited: Sewer, Ossuary and Wizlab.

You collected 40986 gold pieces.
You spent 6113 gold pieces at shops.
You paid 26161 gold pieces to Gozag.


Innate Abilities, Weirdness & Mutations

You have razor-sharp teeth.
Your natural rate of healing is unusually fast.
When hurt, damage is shared between your health and your magic reserves.
Your bite disrupts and absorbs the magic of your enemies.
Potions cannot restore your health.
You have a pair of small antennae on your head.


   Skills:
 - Level 20.0 Fighting
 - Level 15.0 Short Blades
 - Level 15.0 Armour
 - Level 17.0 Dodging
 - Level 20.0 Stealth
 - Level 19.0 Shields
 - Level 16.0 Spellcasting
 - Level 8.0 Conjurations
 * Level 23.0 Hexes
 - Level 10.0 Translocations
 - Level 5.0 Transmutations
 - Level 3.0 Air Magic
 - Level 3.0 Evocations


You had 6 spell levels left.
You knew the following spells:

 Your Spells              Type           Power      Damage    Failure   Level
a - Apportation           Tloc           100%       N/A       1%          1
b - Blink                 Tloc           100%       N/A       1%          2
c - Confusing Touch       Hex            100%       N/A       0%          3
d - Dazzling Flash        Conj/Hex       100%       N/A       0%          3
i - Iskenderun's Mystic   Conj/Tloc      86%        2d17      1%          4
l - Dispersal             Tloc           45%        N/A       7%          6
s - Searing Ray           Conj           100%       2d8       1%          2
t - Tukima's Dance        Hex            100%       N/A       0%          3
y - Yara's Violent Unrav  Hex/Tmut       52%        3d20      1%          5
D - Discord               Hex            63%        N/A       1%          8
I - Irradiate             Conj/Tmut      38%        3d24      5%          5
S - Swiftness             Air            58%        N/A       2%          3
X - Enfeeble              Hex            63%        N/A       1%          7

Your spell library contained the following spells:

 Spells                   Type           Power      Damage    Failure   Level
 Slow                     Hex            100%       N/A       0%          1
 Portal Projectile        Hex/Tloc       100%       N/A       0%          3
 Cause Fear               Hex            63%        N/A       0%          4
 Magic Dart               Conj           100%       1d8       1%          1
 Shock                    Conj/Air       100%       1d9       1%          1
 Sting                    Tmut/Pois      100%       1d8       1%          1
 Ensorcelled Hibernation  Hex/Ice        100%       N/A       1%          2
 Passwall                 Tmut/Erth      45%        N/A       1%          2
 Static Discharge         Conj/Air       71%        3-12/arc  1%          2
 Gell's Gravitas          Tloc           90%        N/A       1%          3
 Inner Flame              Hex/Fire       96%        N/A       1%          3
 Mephitic Cloud           Conj/Pois/Air  62%        N/A       1%          3
 Stone Arrow              Conj/Erth      100%       3d13      1%          3
 Summon Guardian Golem    Hex/Summ       96%        N/A       1%          3
 Teleport Other           Tloc           90%        N/A       1%          3
 Anguish                  Hex/Necr       48%        N/A       1%          4
 Fulminant Prism          Conj/Hex       54%        3d23      1%          4
 Passage of Golubria      Tloc           90%        N/A       1%          4
 Manifold Assault         Tloc           90%        N/A       1%          5
 Metabolic Englaciation   Hex/Ice        48%        N/A       1%          5
 Silence                  Hex/Air        50%        N/A       1%          5
 Summon Mana Viper        Hex/Summ       96%        N/A       1%          5
 Freeze                   Ice            100%       1d11      2%          1
 Necrotise                Necr           100%       1d9       2%          1
 Summon Small Mammal      Summ           100%       N/A       2%          1
 Poisonous Vapours        Pois/Air       98%        N/A       2%          2
 Iskenderun's Battlesphe  Conj           82%        2d13      2%          5
 Spider Form              Tmut/Pois      55%        N/A       3%          3
 Scorch                   Fire           72%        2d8       4%          2
 Sublimation of Blood     Necr           36%        N/A       4%          2
 Ignite Poison            Fire/Tmut/Pois 50%        N/A       4%          3
 Flame Wave               Conj/Fire      64%        2d15      5%          4
 Hailstorm                Conj/Ice       64%        3d14      5%          4
 Airstrike                Air            29%        2d(5-21)  8%          4
 Lightning Bolt           Conj/Air       35%        1d53      8%          5
 Call Canine Familiar     Summ           36%        N/A       9%          3
 Frozen Ramparts          Ice            72%        1d11      9%          3
 Ozocubu's Armour         Ice            36%        N/A       9%          3
 Vampiric Draining        Necr           36%        2d8       9%          3
 Ice Form                 Ice/Tmut       55%        N/A       10%         4
 Petrify                  Tmut/Erth      55%        N/A       10%         4
 Summon Forest            Summ/Tloc      34%        N/A       10%         5
 Summon Lightning Spire   Summ/Air       49%        N/A       14%         4
 Fireball                 Conj/Fire      32%        3d14      14%         5
 Freezing Cloud           Conj/Ice/Air   31%        6-21      17%         5
 Animate Armour           Summ/Erth      72%        N/A       26%         4
 Dispel Undead            Necr           36%        3d15      26%         4
 Olgreb's Toxic Radiance  Pois           36%        N/A       26%         4
 Summon Ice Beast         Ice/Summ       36%        N/A       26%         4
 Alistair's Intoxication  Tmut/Pois      36%        N/A       26%         5
 Agony                    Necr           36%        N/A       58%         5
 Borgnjor's Vile Clutch   Necr/Erth      18%        N/A       58%         5
 Iron Shot                Conj/Erth      32%        9d7       63%         6
 Starburst                Conj/Fire      32%        6d10      63%         6
 Eringya's Noxious Bog    Tmut/Pois      27%        N/A       83%         6
 Statue Form              Tmut/Erth      36%        N/A       83%         6
 Death Channel            Necr           18%        N/A       99%         6
 Summon Cactus Giant      Summ           18%        N/A       99%         6
 Orb of Destruction       Conj           41%        9d11      65%         7
 Dragon Form              Tmut           34%        N/A       96%         7
 Malign Gateway           Summ/Tloc      34%        N/A       96%         7
 Spellforged Servitor     Conj/Summ      32%        N/A       99%         7
 Storm Form               Tmut/Air       32%        N/A       99%         7
 Haunt                    Necr/Summ      18%        N/A       100%        7
 Monstrous Menagerie      Summ           18%        N/A       100%        7
 Ozocubu's Refrigeration  Ice            18%        4d11      100%        7
 Borgnjor's Revivificati  Necr           18%        N/A       100%        8
 Ignition                 Fire           18%        3d7       100%        8
 Infestation              Necr           18%        N/A       100%        8
 Lehudib's Crystal Spear  Conj/Erth      32%        10d8      100%        8
 Summon Horrible Things   Summ           18%        N/A       100%        8
 Death's Door             Necr           18%        N/A       100%        9
 Dragon's Call            Summ           18%        N/A       100%        9
 Fire Storm               Conj/Fire      32%        8d8       100%        9
 Polar Vortex             Ice            18%        N/A       100%        9
 Corpse Rot               Necr/Pois/Air  Unusable   N/A       N/A         4
 Animate Dead             Necr           Unusable   N/A       N/A         4
 Simulacrum               Ice/Necr       Unusable   N/A       N/A         6

Inventory:

Hand Weapons
 n - a +9 rapier of speed (weapon)
   (You bought it in a shop on level 2 of the Dungeon)
 r - the +10 dagger "Saux" {vamp, +Blink rN+ Int+2}
   (You found it on level 5 of the Vaults)

   It occasionally heals its wielder for a portion of the damage dealt when it
   wounds a living foe.
   Int:       It affects your intelligence (+2).
   rN:        It protects you from negative energy.
   +Blink:    It lets you blink.
 N - the +1 great sword of the Piercing Ass {flame, rElec rC+}
   (You found it on level 4 of the Realm of Zot)

   It burns those it strikes, dealing additional fire damage.
   Big, fiery blades are also staple armaments of hydra-hunters.
   rC:        It protects you from cold.
   rElec:     It insulates you from electricity.
Missiles
 u - a throwing net {=f!f}
 B - 13 javelins
 M - 17 curare-tipped darts {=f}
 O - 36 boomerangs
 R - 21 boomerangs of dispersal {=f!f}
 S - 3 silver boomerangs
 T - 4 silver javelins
Armour
 g - +9 gold dragon scales {rare}
   (You took it off Parghit on level 4 of the Realm of Zot)
 p - the +2 cloak of the Morning Star (worn) {rF+ rCorr Str+3}
   (You bought it in a shop on level 2 of the Orcish Mines)

   Str:       It affects your strength (+3).
   rF:        It protects you from fire.
   rCorr:     It protects you from acid and corrosion.
 s - the +2 pair of gloves of the Armoured One (worn) {rElec rF- Will+ Int+3}
   (You bought it in a shop on level 2 of the Dungeon)

   Int:       It affects your intelligence (+3).
   rF:        It makes you vulnerable to fire.
   rElec:     It insulates you from electricity.
   Will:      It increases your willpower.
 w - a +2 hat (worn)
   (You found it on level 1 of the Depths)
 x - a +2 pair of boots of flying (worn)
   (You bought it in a shop on level 2 of the Orcish Mines)
 E - the +0 kite shield "Kirghuju" (worn) {rC+ rN++ Int+4 Dex-4}
   (You took it off Asterion on level 1 of the Vaults)

   Int:       It affects your intelligence (+4).
   Dex:       It affects your dexterity (-4).
   rC:        It protects you from cold.
   rN:        It greatly protects you from negative energy.
 F - +5 steam dragon scales (worn)
   (You took it off Maggie on level 8 of the Dungeon)
Jewellery
 D - the ring of Hesibaas (right hand) {rElec rF+ Int+3 Dex+6}
   (You took it off a vault sentinel on level 5 of the Vaults)

   [ring of dexterity]

   Int:       It affects your intelligence (+3).
   Dex:       It affects your dexterity (+6).
   rF:        It protects you from fire.
   rElec:     It insulates you from electricity.
 P - the ring of the Wizarding Jester (left hand) {rPois rC+ Int+5 Dex+4 Stlth+}
   (You took it off a deep elf demonologist on level 3 of the Elven Halls)

   [ring of protection from cold]

   Int:       It affects your intelligence (+5).
   Dex:       It affects your dexterity (+4).
   rC:        It protects you from cold.
   rPois:     It protects you from poison.
   Stlth:     It makes you more stealthy.
 Y - a +4 ring of slaying
   (You found it on level 4 of the Realm of Zot)
 Z - the amulet "Qoavotat" (around neck) {Reflect Fly Str-4 SH+5 SInv Stlth+}
   (You took it off a deep elf death mage on level 3 of the Elven Halls)

   [amulet of reflection]

   It reflects blocked missile attacks.
   Str:       It affects your strength (-4).
   SInv:      It lets you see invisible.
   Fly:       It grants you flight.
   SH:        It affects your SH (+5).
   Stlth:     It makes you more stealthy.
Wands
 d - a wand of flame (62)
   (You found it on level 14 of the Dungeon)
 i - a wand of light (47)
   (You found it on level 1 of the Lair of Beasts)
 K - a wand of paralysis (46)
   (You found it on level 7 of the Dungeon)
 W - a wand of iceblast (40)
   (You found it on level 3 of the Swamp)
Scrolls
 a - 3 scrolls of summoning
 c - 3 scrolls of poison
 l - 13 scrolls of fear
 o - 4 scrolls of silence {!r}
 q - 8 scrolls of fog
 A - 24 scrolls of teleportation {@r4}
 G - 3 scrolls of magic mapping {!r}
 L - 3 scrolls of blinking {!r}
 Q - 10 scrolls of immolation {!r!r}
Potions
 b - 8 potions of brilliance
 e - 4 potions of mutation {!q}
 h - 11 potions of lignification {!q}
 j - 10 potions of invisibility
 k - 7 potions of might
 m - 3 potions of attraction {!q}
 v - 27 potions of curing {@q1}
 H - 2 potions of resistance
 I - 4 potions of berserk rage {!q}
 U - 2 potions of cancellation
 V - 6 potions of magic
 X - 3 potions of haste {@q3}
Miscellaneous
 f - a condenser vane
   (You found it on level 4 of the Vaults)
 t - a tin of tremorstones (2/2)
   (You found it on level 5 of the Pits of Slime)
 y - a phantom mirror
   (You found it on level 3 of the Elven Halls)
 z - a box of beasts
   (You found it on level 2 of the Depths)
 C - a figurine of a ziggurat
 J - a lightning rod (4/4)
   (You found it on level 3 of the Vaults)

Dungeon Overview and Level Annotations

Branches:
Dungeon (15/15)            Temple (1/1) D:4            Lair (5/5) D:10
  Swamp (4/4) Lair:3       Spider (4/4) Lair:2        Slime (5/5) Lair:4
    Orc (2/2) D:12            Elf (3/3) Orc:2        Vaults (5/5) D:14
  Crypt (3/3) Vaults:2       Tomb (3/3) Crypt:3      Depths (4/4) D:15
    Zot (5/5) Depths:4      Sewer (visited)         Ossuary (visited)
 WizLab (visited)

Altars:
Ashenzari
Cheibriados
Dithmenos
Elyvilon
Fedhas
Gozag
Hepliaklqana
Kikubaaqudgha
Makhleb
Nemelex Xobeh
Okawaru
Qazlal
Ru
Sif Muna
Trog
Uskayaw
Vehumet
Wu Jian
Xom
Yredelemnul
Zin
The Shining One
Jiyva

Shops:
D:2 ?*[[**(   D:5 [   D:15 [(=:=   Orc:2 :[**   Elf:1 [   Elf:3 =[*=[
Lair:3 ?   Vaults:1 ?   Vaults:4 !   Vaults:5 [   Depths:1 *

Portals:
Hell: Depths:1 Depths:2 Depths:3 Depths:4
Abyss: Depths:1 Depths:2 Depths:3
Pandemonium: Depths:2 Depths:3
Ziggurat: Depths:2

Annotations:
Elf:2 3 runed translucent doors

..#.P..v~....$.#)##.....# ##.## #
..#............#$##....#####.####
.#....P..$.##v##.##..............
.#.P..~.v.V##.##.##..########..##
##..........v.#)..##.## #..#.
...#####.#.##.#...#...# #..#.
#### #♣♣.♣.##...##..# #....
♣♣..##.....#..# ####... ###
♣♣..P##..@..#..#####.##.## ####.♣
♣P..♣##.....#.......#.#.#
...#.♣♣♣..♣♣.##...##...##.###..#
...#......♣♣..#...#......## ##.##
.....♣P.♣♣♣...#...#..)>.## ##.#
...#..##......##.##..)...## ##.##
...#.........#.#.##.......###..#
#####..........#.##...####.#.#.#
......####.#####.##...# ##.##.##


There were no monsters in sight!


Message History

You bite the Orb Guardian! You drain its power.
You feel invigorated. 😎 MP[+3]
You regained 3 mp, and now have 41/44 mp.
You hit the Orb Guardian but do no damage.
Your bite misses the Orb Guardian.
The Orb Guardian hits you. 😕 HP[-2] MP[+1]
You take 2 damage, and now have 154/156 hp.
You hit the Orb Guardian.
You bite the Orb Guardian, but do no damage. 😕 HP[+1]
You hit the Orb Guardian. Your bite misses the Orb Guardian.
The Orb Guardian hits you! 😕 HP[-7] MP[-2]
You take 7 damage, and now have 148/156 hp.
You lost 2 mp, and now have 40/44 mp.
You puncture the Orb Guardian! You bite the Orb Guardian! You drain its power.
You feel invigorated. 😕 MP[+4]
Your mp is fully restored (44).
You hit the Orb Guardian. Your bite misses the Orb Guardian.
You block the Orb Guardian's attack. 😕 HP[+1]
You hit the Orb Guardian but do no damage.
Your bite misses the Orb Guardian. You puncture the Orb Guardian!
You bite the Orb Guardian! You drain its power.
The Orb Guardian hits you! 😕 HP[-4] MP[-2]
You take 4 damage, and now have 145/156 hp.
You lost 2 mp, and now have 42/44 mp.
You hit the Orb Guardian.
You bite the Orb Guardian, but do no damage.
You puncture the Orb Guardian! Your bite misses the Orb Guardian.
You block the Orb Guardian's attack. 😕 HP[+1]
You hit the Orb Guardian but do no damage.
You bite the Orb Guardian, but do no damage.
The Orb Guardian misses you.
You hit the Orb Guardian. Your bite misses the Orb Guardian.
You hit the Orb Guardian but do no damage.
You bite the Orb Guardian. You drain its power.
You feel invigorated. 😕 HP[+1] MP[+2]
Your mp is fully restored (44).
You puncture the Orb Guardian!
You kill the Orb Guardian!
Your Hexes skill increases to level 23!
You now have 8712 gold pieces (gained 24). 😕 HP[+3]
You regained 3 hp, and now have 150/156 hp.
There are no items here.
There is a staircase leading out of the dungeon, spattered with blood here. 😕 HP[+1]
You feel yourself speed up. 😕 HP[+1]
You fade into invisibility! 😕 HP[+1]
You feel very mighty all of a sudden.
You feel protected. 😕 HP[+1]
You feel clever all of a sudden. 😕 HP[+1] Really quaff
m - 4 potions of attraction {!q}? [Y]es or [N]o only, please.
Really quaff
m - 4 potions of attraction {!q}?
Really quaff the potion of attraction? [Y]es or [N]o only, please.
Really quaff the potion of attraction?
Okay, then.
Really quaff
m - 4 potions of attraction {!q}?
Really quaff the potion of attraction?
You feel attractive to monsters. 😎 HP[+1]
Your hp is fully restored (156).
Really quaff
I - 4 potions of berserk rage {!q}?
Okay, then.
Casting: Enfeeble (mildly dangerous; 1% risk of failure)
Confirm with . or Enter, or press ? or * to list all spells.
You don't know that spell.
Casting: Enfeeble (mildly dangerous; 1% risk of failure)
Confirm with . or Enter, or press ? or * to list all spells.
Okay, then.
Casting: Enfeeble (mildly dangerous; 1% risk of failure)
Confirm with . or Enter, or press ? or * to list all spells.
You feel a surge of power!
You erupt in a fountain of uncontrolled magic!
You are very lightly contaminated with residual magic. 😎 MP[-3]
You lost 3 mp, and now have 41/44 mp.
Casting: Irradiate (dangerous; 5% risk of failure)
Confirm with . or Enter, or press ? or * to list all spells.
Okay, then.
Casting: Irradiate (dangerous; 5% risk of failure)
Confirm with . or Enter, or press ? or * to list all spells.
Casting: Dispersal (dangerous; 7% risk of failure)
Press: ? - help, Dir - look around, f - activate You feel a surge of power!
The air shimmers briefly around you. 😎 MP[-2]
You lost 2 mp, and now have 39/44 mp.
Okay, then.
Okay, then.
You have escaped!

Skill      XL: |  1  2  3  4  5  6  7  8  9 10 11 12 13 14 15 16 17 18 19 20 21 22 23 24 25 26 27 |
---------------+----------------------------------------------------------------------------------+-----
Short Blades   | 1 2 3 5 6 7 8 11 12 14 15 | 15.0
Stealth        | 4 5 7 8 9 11 12 15 17 19 20 | 20.0
Fighting       | 1 2 3 5 6 8 9 10 11 12 13 14 15 16 17 18 20 | 20.0
Dodging        | 2 5 6 7 8 9 10 12 13 14 15 16 17 | 17.0
Conjurations   | 2 3 4 6 8 |  8.0
Hexes          | 4 5 6 7 8 9 10 11 12 13 23 | 23.0
Evocations     | 3 |  3.0
Spellcasting   | 3 5 7 8 10 11 12 13 16 | 16.0
Armour         | 1 3 6 7 9 10 11 12 13 14 15 | 15.0
Shields        | 4 6 10 14 15 16 18 19 | 19.0
Translocations | 4 7 9 10 | 10.0
Transmutations | 2 5 |  5.0
Air Magic      | 1 3 |  3.0

Action                   |  1- 3 |  4- 6 |  7- 9 | 10-12 | 13-15 | 16-18 | 19-21 | 22-24 | 25-27 || total
-------------------------+-------+-------+-------+-------+-------+-------+-------+-------+-------++-------
Melee: Dagger            |   109 |   166 |   332 |   681 |    47 |       |       |       |       ||  1335
       Bite              |    23 |    34 |   115 |   295 |   855 |  1179 |  1350 |  1764 |  2838 ||  8453
       Punch             |       |       |     5 |    13 |    37 |     4 |       |       |       ||    59
       Rapier            |       |       |       |       |  1819 |  2219 |  2549 |  2752 |  4606 || 13945
       Headbutt          |       |       |       |       |       |       |       |       |  1701 ||  1701
Throw: Dart              |       |       |     2 |     9 |     1 |     4 |       |    11 |       ||    27
       Boomerang         |       |       |       |     4 |       |       |     1 |     7 |    31 ||    43
       Javelin           |       |       |       |     2 |       |       |       |     1 |       ||     3
       Throwing net      |       |       |       |     1 |       |       |       |     1 |       ||     2
 Cast: Confusing Touch   |       |       |       |     5 |    12 |    33 |     9 |     2 |       ||    61
       Tukima's Dance    |       |       |       |     3 |       |       |    86 |       |       ||    89
       Searing Ray       |       |       |       |     2 |     3 |       |       |       |       ||     5
       Enfeeble          |       |       |       |       |       |       |       |       |    47 ||    47
       Dispersal         |       |       |       |       |       |       |       |       |     3 ||     3
       Yara's Violent Un |       |       |       |       |       |       |       |       |     3 ||     3
       Irradiate         |       |       |       |       |       |       |       |       |     2 ||     2
       Apportation       |       |       |       |       |       |       |       |       |     1 ||     1
       Discord           |       |       |       |       |       |       |       |       |     1 ||     1
Invok: Call Merchant     |       |       |       |     1 |     3 |     1 |     1 |     1 |     5 ||    12
       Potion Petition   |       |       |       |       |       |     1 |     1 |     1 |     4 ||     7
       Bribe Branch      |       |       |       |       |       |       |       |       |     2 ||     2
Evoke: Wand              |       |     2 |    21 |     6 |     3 |    17 |       |     1 |     8 ||    58
       Condenser vane    |       |       |       |       |       |       |       |     2 |     5 ||     7
       Phantom mirror    |       |       |       |       |       |       |       |     2 |       ||     2
       Tin of tremorston |       |       |       |       |       |       |       |       |     3 ||     3
       Box of beasts     |       |       |       |       |       |       |       |       |     2 ||     2
  Use: Potion            |     4 |     1 |       |     4 |     2 |     5 |     3 |     3 |    43 ||    65
       Scroll            |       |       |    10 |    14 |     9 |    10 |    10 |     8 |    24 ||    85
 Stab: Sleeping          |    10 |    21 |    10 |    20 |    53 |    38 |    56 |    42 |    66 ||   316
       Invisible         |     1 |       |       |       |       |     5 |     7 |     3 |    18 ||    34
       Distracted        |       |       |     3 |     4 |    18 |    37 |    31 |    42 |    77 ||   212
       Paralysed         |       |       |     1 |     1 |     1 |       |       |       |     2 ||     5
       Confused          |       |       |       |     4 |    15 |    24 |     9 |     2 |       ||    54
       Petrifying        |       |       |       |       |     1 |       |       |       |       ||     1
       Petrified         |       |       |       |       |     1 |       |       |       |       ||     1
       Held in net/web   |       |       |       |       |       |       |       |     1 |       ||     1
Armor: Robe              |    19 |       |       |       |       |       |       |       |       ||    19
       Animal skin       |     1 |    18 |    33 |     3 |       |       |       |       |       ||    55
       Steam dragon scal |       |       |       |    79 |   218 |   335 |   389 |   320 |   347 ||  1688
       Skin              |       |       |       |    37 |       |       |       |       |    48 ||    85
Dodge: Dodged            |    52 |   102 |   163 |   316 |   908 |  1116 |   859 |   914 |  1318 ||  5748
Block: Buckler           |       |       |       |       |       |   439 |    53 |       |       ||   492
       Kite shield       |       |       |       |       |       |       |   970 |  1164 |  2234 ||  4368
       Reflection        |       |       |       |       |       |       |       |       |    14 ||    14

Levels and vault maps discovered:
D:1:      dpeg_arrival_rhombus, layout_loops_cross, serial_forest,
          infiniplex_forest_straight_2, infiniplex_forest_corner_2,
          infiniplex_forest_clump_cross, infiniplex_forest_clump_double,
          infiniplex_forest_clump_double, infiniplex_forest_end_3,
          shapermc_ecumenical_altar_mp_ritualfount
D:2:      layout_loops_ring, serial_shops, nicolae_shop_trees,
          minmay_gold_behind_fungi, uniq_robin
D:3:      layout_loops_ring, mainiacjoe_overflow_concentric_impassable
D:4:      layout_rooms, lemuel_tele_altar, mainiacjoe_overflow_two_lobes,
          minmay_temple_entry_slanted, grunt_ministairs_14, minivault_26
D:5:      layout_rooms, mainiacjoe_overflow_alcove_4, gup_sewer_entry_bowl,
          serial_shops, shop
D:6:      layout_layer_cave, elyvilon_altar_1, nicolae_overflow_hidden_temple,
          mainiacjoe_overflow_brackets, mainiacjoe_overflow_paths,
          lightli_ossuary_entry_decrepit_ruins, uniq_edmund, uniq_pikel,
          uniq_menkaure
D:7:      layout_basic, makhleb_blood_cavern_becter,
          nicolae_uskayaw_murder_on_the_dancefloor, kennysheep_mini_moat
D:8:      layout_loops_ring, kennysheep_decorative_pillar,
          minmay_misc_feat_pillars, uniq_maggie, uniq_amaemon
D:9:      minmay_imperfect_grid, layout_irregular_city, lemuel_doored_altar,
          grunt_ministairs_9, corexii_corridor_pit
D:10:     layout_basic, dpeg_oklobed_lair, minivault_22, st_stairs_3
D:11:     layout_grid_maze
D:12:     layout_loops_corners, orc_0_dummy, nrook_uturn,
          grunt_dithmenos_shadows, uniq_sonja, uniq_snorg
D:13:     layout_stronghold, hangedman_decor_push, minmay_misc_feat_ornament,
          einodemon_barbed_minivault
D:14:     layout_basic, david_vaults_3, chequers_big_river
D:15:     grunt_enter_depths_hoard, layout_loops_ring, serial_shops,
          nicolae_shop_temple_entry_statues_fountains,
          nicolae_shop_bloodbath_and_beyond, nicolae_shop_stone,
          nicolae_shop_behind_doors, nicolae_shop_stone,
          hangedman_decor_slide_cut
Temple:   hellmonk_temple_rainy
Lair:1:   layout_gridlike, basic_altar, grunt_megastairs_5
Lair:2:   layout_chaotic_city, spider_nest_entry_funnel_web,
          bobbens_dragon_lair_wall
Lair:3:   layout_roguey, skrybe_swamp_entry_bodies, grunt_megastairs_1,
          infiniplex_staircase_pool_2
Lair:4:   layout_cave_pods, minmay_slime_entry_pillars
Lair:5:   grunt_lair_end_beastmaster, layout_cellular_growth, st_stairs_7
Swamp:1:  nicolae_swamp_flooded_prison, layout_basic_swamp,
          hangedman_swamp_ruin_hall, swamp_pool2, hangedman_swamp_lotus,
          grunt_hermit_hut
Swamp:2:  layout_basic_swamp, serial_swamp_ruin, evilmike_swamp_ruin_house_4,
          evilmike_swamp_ruin_house_3, evilmike_swamp_ruin_wall,
          cheibrodos_swamp_witchery
Swamp:3:  layout_basic_swamp, evilmike_swamp_ruin_house_1, swamp_pool1,
          uniq_donald
Swamp:4:  swamp_pestilence, layout_basic_swamp, swamp_pool3,
          infiniplex_staircase_pool
Spider:1: layout_spider_delve, nicolae_spider_circle_web,
          beargit_elvish_explorers, uniq_kirke, uniq_agnes
Spider:2: layout_spider_delve, uniq_roxanne, uniq_arachne
Spider:3: layout_chambers, hangedman_spider_tarantella_strand
Spider:4: grunt_spider_rune_parallel, nicolae_spider_webs_and_nodes
Slime:1:  layout_caves
Slime:2:  layout_caves
Slime:3:  layout_caves
Slime:4:  layout_caves
Slime:5:  uniq_dissolution
Orc:1:    layout_diamond_mine
Orc:2:    pubby_orc_utopia, uniq_jorgrun
Elf:1:    eino_elf_arrival_shootout, layout_onion_city, minmay_elf_sorcery,
          nicolae_wooded_promenade
Elf:2:    nicolae_elf_blades_splatter_lattice [nicolae_blade_little_rooms],
          layout_geoelf_diagonals, hangedman_elf_targetted_burst, st_stairs_12
Elf:3:    minmay_elf_hall_x, layout_geoelf_octagon, nicolae_elf_stone_circles,
          minivault_25_ag
Vaults:1: nicolae_vaults_mini_display_case, gammafunk_sealed_arena, v_misc_4,
          ontoclasm_vaults_decontamination, hangedman_vaults_variations,
          hangedman_vaults_corner_blocks, ontoclasm_vaults_chip,
          vaults_room_grid, dpeg_vaults_monster_box, v_misc_16,
          layout_vaults_maze_snakey, serial_shops, nicolae_shop_hallway_stairs,
          uniq_asterion
Vaults:2: minmay_crypt_entry_nasty_monster, vaults_standard_mumra_x,
          nicolae_vaults_ring_of_whatevers, grunt_vaults_diagonal,
          vaults_dpeg_cross, v_misc_8, v_misc_29, v_misc_22,
          hangedman_vaults_snaps, vaults_dpeg_hooks, v_pattern_5,
          layout_vaults_chaotic_city, serial_hangedman_research,
          hangedman_research_thanatology, hangedman_research_thermodynamics,
          uniq_aizul
Vaults:3: vaults_room_door_hall, nicolae_vaults_network_quincunx
          [nicolae_vaults_network_quincunx_subvault,
          nicolae_vaults_network_quincunx_subvault,
          nicolae_vaults_network_quincunx_subvault,
          nicolae_vaults_network_quincunx_subvault,
          nicolae_vaults_network_quincunx_subvault], hangedman_vaults_corner,
          ontoclasm_vaults_shuriken, nicolae_vaults_specimen_jars,
          nicolae_vaults_rhombus_6, ontoclasm_vaults_fault,
          nicolae_vaults_rhombus_7, v_misc_33, grunt_vaults_hallway_short,
          not_door_vault_mu, v_misc_3, layout_vaults_omnibox, uniq_jory
Vaults:4: door_vault, nicolae_vaults_stairing_the_circle, grunt_vaults_twisty,
          grunt_vaults_focal, v_misc_3, vaults_room_stairs_pillars,
          ontoclasm_vaults_chip, vaults_room_semicircle, hangedman_vaults_slice,
          layout_vaults_quadrants, serial_shops, nicolae_shop_statue_plus
Vaults:5
Crypt:1:  layout_misc_corridors, st_stairs_9, grunt_megastairs_4
Crypt:2:  layout_misc_corridors, uniq_grunn, uniq_xtahua
Crypt:3:  grunt_crypt_end_deaths_head
Tomb:1
Tomb:2
Tomb:3
Depths:1: layout_cave_shapes, mu_enter_wizlab_4, serial_shops, shop,
          marbit_kobold_abyss_entry, hell_entry, solitary_fountain,
          serial_glass, glass_columns_a, glass_columns_a, glass_columns_b,
          glass_columns_a, glass_columns_a, glass_columns_a,
          minmay_the_grid_square_5x5_3x3_mashed
          [minmay_the_grid_square_5x5_comb, minmay_the_grid_square_5x5_meh,
          minmay_the_grid_square_5x5_hollow_slash,
          minmay_the_grid_square_5x5_tri_point,
          minmay_the_grid_square_5x5_megaprize_hollow,
          minmay_the_grid_square_5x5_half_checkered,
          minmay_the_grid_square_5x5_intrusive_squares,
          minmay_the_grid_square_5x5_two, minmay_the_grid_square_5x5_v]
Depths:2: hangedman_six_sided_sadism, layout_cave_pools, enter_ziggurat_a,
          grunt_pan_entry_in_and_out, abyss_entry_crystal, hell_entry,
          serial_bayou_lagoon_a
Depths:3: minmay_four_inscribed_fans, layout_cave_pools, abyss_entry,
          hell_entry, nicolae_hepliaklqana_hazy_memory, rand_demon_pan_entry_9,
          uniq_mara
Depths:4: grunt_zot_entry_gee_three, layout_cross, kennysheep_pointless_box,
          hell_entry, minmay_misc_feat_iff, drop_trap
Zot:1:    lemuel_draconian_sentries, layout_cathedral_of_symmetry
Zot:2:    layout_basic
Zot:3:    kennysheep_oblong_rooms, layout_cellular_growth
Zot:4:    layout_gridville, grunt_ministairs_9, uniq_parghit
Zot:5:    layout_cellular_growth

Notes
Turn   | Place    | Note
-------+----------+-------------------------------------------
     0 | D:1      | Ntrails the Vine Stalker Enchanter began the quest for the
                  | Orb.
     0 | D:1      | Reached XP level 1. HP: 9/9 MP: 4/4
     0 | D:1      | magus.rc [v1.11.3]
    10 | D:1      | Reached skill level 1 in Short Blades
    95 | D:1      | HP: 2/9 [jackal (1)]
   101 | D:1      | Reached XP level 2. HP: 4/14 MP: 0/6
   105 | D:1      | HP: 3/14 [frilled lizard (1)]
   497 | D:1      | You pick up a book of Burglary and begin reading...
   497 | D:1      | You add the spells Passwall and Swiftness to your library.
   806 | D:1      | Found a faded altar of an unknown god.
  1207 | D:1      | magus.rc [v1.11.3]
  1336 | D:2      | Reached skill level 4 in Stealth
  1453 | D:2      | Gained mutation: Your mind is acute. (Int +4, Str/Dex -1)
                  | [potion of mutation]
  1453 | D:2      | Lost mutation: Your mind is acute. (Int +4, Str/Dex -1)
                  | [potion of mutation]
  1453 | D:2      | Gained mutation: You have supernaturally acute eyesight.
                  | (SInv) [potion of mutation]
  1453 | D:2      | HP: 3/14 [poisoned by an adder]
  1454 | D:2      | HP: 1/14 [poisoned by an adder]
  1462 | D:2      | Reached skill level 1 in Fighting
  1462 | D:2      | Reached skill level 2 in Short Blades
  1462 | D:2      | Reached XP level 3. HP: 2/18 MP: 7/7
  1751 | D:2      | You pick up a book of Debilitation and begin reading...
  1751 | D:2      | You add the spells Slow and Vampiric Draining to your
                  | library.
  2002 | D:2      | Noticed Robin
  2084 | D:1      | Killed Robin
  2188 | D:2      | Gained mutation: Your natural rate of healing is unusually
                  | fast. [Vine Stalker growth]
  2188 | D:2      | Reached XP level 4. HP: 19/22 MP: 6/8
  2403 | D:2      | Found Komeese's General Store.
  2406 | D:2      | magus.rc [v1.11.3]
  2462 | D:2      | Learned a level 3 spell: Confusing Touch
  2466 | D:2      | Learned a level 3 spell: Dazzling Flash
  2684 | D:3      | Found a basalt altar of Yredelemnul.
  2698 | D:3      | Reached XP level 5. HP: 26/26 MP: 9/9
  2770 | D:3      | Reached skill level 2 in Fighting
  3232 | D:4      | Reached skill level 3 in Short Blades
  3366 | D:4      | Found an ornate altar of the Wu Jian Council.
  3374 | D:4      | Reached skill level 5 in Stealth
  3392 | D:4      | Reached XP level 6. HP: 32/32 MP: 10/10
  3504 | D:4      | Found a staircase to the Ecumenical Temple.
  3511 | Temple   | Entered the Ecumenical Temple
  3533 | Temple   | Became a worshipper of Gozag Ym Sagoz the Greedy
  3554 | D:4      | Reached skill level 4 in Short Blades
  3802 | D:4      | Found a hazy altar of Hepliaklqana.
  3834 | D:4      | Found a glowing golden altar of the Shining One.
  4038 | D:5      | Entered Level 5 of the Dungeon
  4067 | D:5      | Reached skill level 3 in Fighting
  4115 | D:5      | Found a glowing drain.
  4139 | Sewer    | Entered a sewer
  4317 | Sewer    | Reached skill level 5 in Short Blades
  4317 | Sewer    | Reached XP level 7. HP: 36/36 MP: 11/11
  4361 | Sewer    | Found a white marble altar of Elyvilon.
  4410 | D:5      | Found Xaelolos's Armour Shoppe.
  4435 | D:5      | magus.rc [v1.11.3]
  4523 | D:5      | Reached skill level 6 in Short Blades
  4597 | D:5      | You pick up a book of Callings and begin reading...
  4597 | D:5      | You add the spells Summon Small Mammal, Call Canine
                  | Familiar and Summon Guardian Golem to your library.
  4710 | D:5      | Gained mutation: You have razor-sharp teeth. [Vine Stalker
                  | growth]
  4710 | D:5      | Reached XP level 8. HP: 39/40 MP: 12/12
  4763 | D:5      | Found a blossoming altar of Fedhas.
  4847 | D:5      | Reached skill level 7 in Short Blades
  5092 | D:6      | Noticed Pikel
  5106 | D:6      | Killed Pikel
  5107 | D:6      | Reached skill level 2 in Dodging
  5107 | D:6      | Reached skill level 1 in Conjurations
  5110 | D:6      | Noticed Menkaure
  5113 | D:6      | Killed Menkaure
  5114 | D:6      | Reached skill level 2 in Conjurations
  5125 | D:6      | Found a broken altar of Ashenzari.
  5160 | D:6      | Found a sand-covered staircase.
  5169 | Ossuary  | Entered an ossuary
  5361 | Ossuary  | Reached skill level 4 in Hexes
  5381 | Ossuary  | Reached XP level 9. HP: 41/45 MP: 10/13
  5604 | Ossuary  | Reached skill level 4 in Fighting
  5675 | D:6      | Found an ancient bone altar of Kikubaaqudgha.
  5714 | D:6      | Noticed Edmund
  5718 | D:6      | Killed Edmund
  5719 | D:6      | Reached skill level 8 in Short Blades
  5719 | D:6      | Reached skill level 3 in Dodging
  5784 | D:6      | Reached skill level 3 in Conjurations
  5843 | D:6      | Found a stormy altar of Qazlal.
  5864 | D:6      | Found a white marble altar of Elyvilon.
  6313 | D:6      | HP: 8/46 [orc warrior/+0 trident (16)]
  6314 | D:6      | HP: 2/46 [orc warrior/+0 trident (7)]
  6947 | D:7      | Reached skill level 5 in Hexes
  7019 | D:7      | Found a hide-covered altar of Uskayaw.
  7290 | D:7      | Reached skill level 5 in Fighting
  7290 | D:7      | Reached skill level 4 in Dodging
  7364 | D:7      | Found a burning altar of Makhleb.
  7444 | D:7      | Found a sparkling altar of Nemelex Xobeh.
  7837 | D:8      | Reached skill level 5 in Dodging
  8009 | D:8      | Reached XP level 10. HP: 46/51 MP: 12/14
  8015 | D:8      | Reached skill level 1 in Evocations
  8017 | D:8      | Noticed an orange demon
  8021 | D:8      | Noticed Amaemon
  8042 | D:8      | Killed an orange demon
  8043 | D:8      | Reached skill level 3 in Spellcasting
  8068 | D:8      | Killed Amaemon
  8069 | D:8      | Reached skill level 6 in Stealth
  8069 | D:8      | Reached skill level 2 in Evocations
  8070 | D:8      | HP: 11/51 [yak (4)]
  8071 | D:8      | HP: 3/51 [yak (9)]
  8401 | D:8      | Noticed a two-headed ogre
  8429 | D:8      | Killed a two-headed ogre
  8430 | D:8      | Reached skill level 6 in Dodging
  8430 | D:8      | Reached skill level 6 in Hexes
  8625 | D:8      | Noticed Maggie
  8629 | D:8      | Killed Maggie
  8630 | D:8      | Reached skill level 6 in Fighting
  8630 | D:8      | Reached skill level 3 in Evocations
  8871 | D:2      | Bought a potion of brilliance for 56 gold pieces
  8871 | D:2      | Bought a potion of might for 56 gold pieces
  8871 | D:2      | Bought a potion of flight for 42 gold pieces
  8873 | D:2      | Bought a runed rapier for 168 gold pieces
  8873 | D:2      | Bought a runed rapier for 168 gold pieces
  8892 | D:2      | Learned a level 3 spell: Tukima's Dance
  9052 | D:8      | Reached skill level 7 in Stealth
  9279 | D:8      | Reached XP level 11. HP: 56/56 MP: 16/16
  9390 | D:9      | Found a bloodstained altar of Trog.
  9433 | D:9      | Reached skill level 9 in Short Blades
  9439 | D:9      | Reached skill level 7 in Hexes
  9475 | D:9      | Noticed an eight-headed hydra
  9506 | D:9      | Killed an eight-headed hydra
  9507 | D:9      | Reached skill level 7 in Fighting
  9642 | D:9      | You pick up a book of Conjurations and begin reading...
  9642 | D:9      | You add the spells Magic Dart, Searing Ray and Fulminant
                  | Prism to your library.
  9645 | D:9      | You pick up a book of Storms and begin reading...
  9645 | D:9      | You add the spells Airstrike, Summon Lightning Spire and
                  | Lightning Bolt to your library.
 10165 | D:9      | Reached skill level 10 in Short Blades
 10259 | D:9      | Reached skill level 8 in Fighting
 10653 | D:10     | Entered Level 10 of the Dungeon
 10702 | D:10     | Noticed a two-headed ogre
 10827 | D:10     | You pick up a book of Dangerous Friends and begin
                  | reading...
 10827 | D:10     | You add the spells Orb of Destruction and Spellforged
                  | Servitor to your library.
 10926 | D:9      | magus.rc [v1.11.3]
 10926 | D:9      | magus.rc [v1.11.3]
 11044 | D:10     | Noticed a sun demon
 11062 | D:10     | HP: 4/60 [sun demon[a kobold demonologist] (12)]
 11063 | D:10     | Found a staircase to the Lair.
 11063 | D:10     | Noticed an oklob plant
 11237 | D:10     | Killed a two-headed ogre
 11238 | D:10     | Reached skill level 11 in Short Blades
 11238 | D:10     | Reached skill level 1 in Armour
 11238 | D:10     | Reached XP level 12. HP: 45/64 MP: 14/17
 11772 | D:10     | You pick up a book of Winter and begin reading...
 11772 | D:10     | You add the spells Ozocubu's Armour and Metabolic
                  | Englaciation to your library.
 11892 | D:10     | magus.rc [v1.11.3]
 12072 | D:11     | Noticed an eight-headed hydra
 12089 | D:11     | Killed an eight-headed hydra
 12090 | D:11     | Reached skill level 2 in Armour
 12914 | D:12     | Identified the +1 scale mail of Vehumet's Hatred {rPois}
 12991 | D:12     | Noticed a seven-headed hydra
 12995 | D:12     | Killed a seven-headed hydra
 13031 | D:12     | Noticed Snorg
 13038 | D:12     | Killed Snorg
 13105 | D:12     | Noticed Sonja
 13109 | D:12     | Paralysed by Sonja for 3 turns
 13128 | D:12     | Killed Sonja
 13244 | D:12     | Reached skill level 3 in Armour
 13281 | D:12     | Reached skill level 12 in Short Blades
 13456 | D:12     | Reached skill level 7 in Dodging
 13490 | D:12     | Found a staircase to the Orcish Mines.
 13543 | D:12     | Reached skill level 9 in Fighting
 13746 | D:12     | Found a shadowy altar of Dithmenos.
 13822 | D:12     | You pick up a book of Rime and begin reading...
 13822 | D:12     | You add the spells Frozen Ramparts, Ice Form and Summon Ice
                  | Beast to your library.
 13909 | D:12     | You pick up a book of Burglary and begin reading...
 13919 | D:12     | Noticed a two-headed ogre
 13921 | D:12     | Killed a two-headed ogre
 14125 | Lair:1   | Entered Level 1 of the Lair of Beasts
 14133 | Lair:1   | magus.rc [v1.11.3]
 14214 | Lair:1   | Learned a level 2 spell: Searing Ray
 14229 | Lair:1   | Reached XP level 13. HP: 70/70 MP: 12/19
 14355 | Lair:1   | Reached skill level 4 in Spellcasting
 14500 | Lair:1   | Reached skill level 13 in Short Blades
 15146 | Lair:1   | Found a glowing golden altar of the Shining One.
 15183 | Lair:1   | magus.rc [v1.11.3]
 15413 | D:2      | Bought a jewelled cloak for 313 gold pieces
 15413 | D:2      | Identified the +1 cloak of Bad Feelings {rPois MP-9 Stlth+}
                  | (You bought it in a shop on level 2 of the Dungeon)
 15419 | D:2      | Bought a glowing cloak for 247 gold pieces
 15720 | Lair:2   | Reached skill level 8 in Dodging
 15783 | Lair:2   | Reached skill level 5 in Spellcasting
 15945 | Lair:2   | Reached skill level 14 in Short Blades
 16121 | Lair:2   | You pick up a book of Rime and begin reading...
 16180 | Lair:2   | You pick up a book of Hexes and begin reading...
 16180 | Lair:2   | You add the spells Inner Flame, Cause Fear and Discord to
                  | your library.
 16358 | Lair:2   | Identified the +7 sling "Toxkak" {freeze, rElec rN+ Will-
                  | rCorr}
 16545 | Lair:2   | Found a hole to the Spider Nest.
 16920 | Lair:3   | Reached skill level 8 in Stealth
 17054 | Lair:3   | Found a staircase to the Swamp.
 17071 | Lair:3   | Reached XP level 14. HP: 27/75 MP: 9/22
 17071 | Lair:3   | HP: 3/75 [bog body/bolt of cold (24)]
 17076 | Lair:3   | HP: 5/75 [poisoned by a black mamba]
 17552 | D:2      | Bought a pair of steaming gloves for 323 gold pieces
 17552 | D:2      | Identified the +2 pair of gloves of the Armoured One {rElec
                  | rF- Will+ Int+3} (You bought it in a shop on level 2 of the
                  | Dungeon)
 17874 | Lair:3   | Reached skill level 4 in Conjurations
 18283 | Lair:4   | Found a staircase to the Slime Pits.
 18319 | Lair:4   | Reached skill level 9 in Stealth
 18327 | Lair:4   | Reached skill level 4 in Armour
 18474 | Lair:4   | Reached skill level 8 in Hexes
 18574 | Lair:4   | Reached skill level 10 in Fighting
 18884 | Lair:4   | You pick up a book of Dreams and begin reading...
 18884 | Lair:4   | You add the spells Spider Form and Anguish to your library.
 18943 | Lair:4   | Reached skill level 9 in Dodging
 19739 | Lair:5   | Entered Level 5 of the Lair of Beasts
 19751 | Lair:5   | Reached skill level 5 in Armour
 20427 | Lair:5   | Reached skill level 6 in Armour
 20552 | Lair:5   | Reached XP level 15. HP: 81/81 MP: 21/23
 20573 | Lair:5   | Reached skill level 11 in Fighting
 20593 | Lair:5   | Reached skill level 10 in Dodging
 21652 | Orc:1    | Entered Level 1 of the Orcish Mines
 21706 | Orc:1    | Reached skill level 1 in Shields
 21834 | Orc:2    | Entered Level 2 of the Orcish Mines
 22294 | Orc:2    | Reached skill level 2 in Shields
 22881 | Orc:2    | Found a staircase to the Elven Halls.
 23452 | Orc:2    | Noticed Jorgrun
 23482 | Orc:2    | Killed Jorgrun
 23527 | Orc:2    | Found Cethrusm's Antique Armour Shop.
 23657 | Orc:2    | Reached skill level 10 in Stealth
 23820 | Orc:2    | Reached skill level 3 in Shields
 23835 | Orc:2    | Bought a pair of runed boots for 270 gold pieces
 23867 | Orc:2    | Noticed an orc warlord
 23953 | Orc:2    | Killed an orc warlord
 24057 | Orc:2    | Found Dirr's Book Emporium.
 24230 | Orc:2    | Found Vulolef's Assorted Antiques.
 24263 | Orc:2    | Bought a potion of invisibility for 208 gold pieces
 24263 | Orc:2    | Bought a potion of mutation for 208 gold pieces
 24263 | Orc:2    | Bought a scroll of magic mapping for 195 gold pieces
 24263 | Orc:2    | Bought a scroll of fog for 104 gold pieces
 24263 | Orc:2    | Bought a distressingly furry cloak for 247 gold pieces
 24263 | Orc:2    | Identified the +2 cloak of the Morning Star {rF+ rCorr
                  | Str+3} (You bought it in a shop on level 2 of the Orcish
                  | Mines)
 24289 | Orc:2    | Found Pogychy's Assorted Antiques.
 24297 | Orc:2    | Bought a bone ring for 105 gold pieces
 24808 | D:2      | Bought a twisted ring mail for 297 gold pieces
 24808 | D:2      | Identified the +0 ring mail "Noimuf" {Will+} (You bought it
                  | in a shop on level 2 of the Dungeon)
 24808 | D:2      | Bought a pitted ring mail for 297 gold pieces
 24808 | D:2      | Identified the +1 ring mail "Caot" {-Cast rC+ Dex+4} (You
                  | bought it in a shop on level 2 of the Dungeon)
 24812 | D:2      | Bought a scroll of teleportation for 42 gold pieces
 24903 | D:2      | Bought a scroll of summoning for 361 gold pieces
 24903 | D:2      | Bought a scroll of fear for 152 gold pieces
 25323 | D:13     | Reached skill level 7 in Armour
 25660 | D:13     | You pick up a book of Hexes and begin reading...
 26227 | D:13     | Reached skill level 4 in Shields
 26391 | D:14     | Found a gate to the Vaults.
 26444 | D:14     | Reached skill level 11 in Stealth
 26469 | D:14     | Reached XP level 16. HP: 88/88 MP: 24/24
 26620 | D:14     | You add the spells Alistair's Intoxication, Borgnjor's Vile
                  | Clutch and Eringya's Noxious Bog to your library.
 26797 | D:14     | Reached skill level 12 in Fighting
 27123 | D:14     | Reached skill level 11 in Dodging
 27966 | D:10     | magus.rc [v1.11.3]
 28033 | Swamp:1  | Entered Level 1 of the Swamp
 28238 | Swamp:1  | Reached skill level 8 in Armour
 28238 | Swamp:1  | Reached skill level 12 in Stealth
 28482 | Swamp:1  | Identified the +3 leather armour "Ishriwnel" {*Slow rF-
                  | rCorr Str+6}
 28548 | Swamp:1  | Reached skill level 5 in Shields
 29228 | Swamp:1  | Reached skill level 6 in Shields
 29302 | Swamp:1  | Reached skill level 9 in Armour
 29516 | Swamp:1  | magus.rc [v1.11.3]
 29553 | Swamp:1  | magus.rc [v1.11.3]
 29595 | Swamp:2  | magus.rc [v1.11.3]
 29599 | Swamp:2  | Noticed a fenstrider witch
 29620 | Swamp:2  | Killed a fenstrider witch
 29621 | Swamp:2  | Reached skill level 12 in Dodging
 29669 | Swamp:2  | Identified the ring "Coag" {rPois rF+ rC+ Will+ Dex-5}
 29742 | Swamp:1  | magus.rc [v1.11.3]
 29797 | Swamp:2  | Reached XP level 17. HP: 56/93 MP: 25/25
 30023 | Swamp:2  | You add the spells Freeze and Polar Vortex to your library.
 30023 | Swamp:2  | Got the Compendium of Interference and Graupel
 30505 | Swamp:3  | Noticed Donald
 30513 | Swamp:3  | Killed Donald
 30515 | Swamp:3  | a +0 eveningstar {rare}; a +1 chain mail of poison
                  | resistance; a +0 kite shield
 30524 | Swamp:3  | You pick up a book of Fire and begin reading...
 30524 | Swamp:3  | You add the spells Fireball, Starburst and Ignition to your
                  | library.
 30708 | Swamp:3  | Reached skill level 5 in Conjurations
 30757 | Swamp:3  | Noticed a tentacled monstrosity
 30776 | Swamp:3  | Killed a tentacled monstrosity
 31034 | Swamp:3  | a +0 eveningstar {rare}; a +1 chain mail of poison
                  | resistance; a +0 kite shield
 31054 | Swamp:3  | Reached skill level 6 in Spellcasting
 31301 | Swamp:4  | Entered Level 4 of the Swamp
 31324 | Swamp:4  | HP: 20/93 [poison (poison gas)]
 31650 | Swamp:4  | You add the spells Blink, Manifold Assault and Storm Form
                  | to your library.
 31805 | Swamp:4  | Reached skill level 9 in Hexes
 31841 | Swamp:4  | Noticed a bone dragon
 31895 | Swamp:4  | Killed a bone dragon
 31940 | Swamp:4  | Got a decaying rune of Zot
 32438 | Lair:3   | Bought a scroll of enchant weapon for 112 gold pieces
 32438 | Lair:3   | Bought a scroll of enchant weapon for 112 gold pieces
 32491 | Spider:1 | Entered Level 1 of the Spider Nest
 32494 | Spider:1 | Noticed Agnes
 32515 | Lair:2   | Killed Agnes
 32556 | Lair:2   | Reached skill level 6 in Conjurations
 32648 | Spider:1 | Reached skill level 10 in Armour
 32827 | Spider:1 | Reached skill level 7 in Spellcasting
 33182 | Spider:1 | You pick up a book of Power and begin reading...
 33182 | Spider:1 | You add the spells Iskenderun's Battlesphere and Iron Shot
                  | to your library.
 33215 | Spider:1 | Noticed Kirke
 33253 | Spider:1 | Killed Kirke
 33853 | Spider:1 | magus.rc [v1.11.3]
 33933 | Spider:2 | Noticed Arachne
 33958 | Spider:2 | Killed Arachne
 33959 | Spider:2 | Reached skill level 13 in Fighting
 33959 | Spider:2 | Reached XP level 18. HP: 81/100 MP: 29/29
 34084 | Spider:2 | Reached skill level 13 in Stealth
 34084 | Spider:2 | Reached skill level 10 in Hexes
 34438 | Spider:2 | Reached skill level 7 in Shields
 34742 | Spider:2 | Noticed Roxanne
 34773 | Spider:2 | magus.rc [v1.11.3]
 35137 | Spider:2 | Killed Roxanne
 35139 | Spider:2 | You pick up a book of Sloth and begin reading...
 35139 | Spider:2 | You add the spells Petrify and Statue Form to your library.
 35275 | Spider:3 | Identified the +8 scimitar "Arbiter" {drain, Int+4 Dex-4
                  | Stlth+}
 35877 | Spider:3 | magus.rc [v1.11.3]
 36417 | Spider:3 | Reached skill level 14 in Stealth
 36637 | Spider:4 | Entered Level 4 of the Spider Nest
 36716 | Spider:4 | Reached skill level 8 in Shields
 37816 | Spider:4 | Reached skill level 14 in Fighting
 37919 | Spider:4 | Reached skill level 15 in Stealth
 37965 | Spider:4 | Reached skill level 9 in Shields
 38248 | Spider:4 | You pick up a book of Storms and begin reading...
 38258 | Spider:4 | Found the +3 pair of seven-league boots {Rampage+∞}
 38263 | Spider:4 | You pick up a book of Necromancy and begin reading...
 38263 | Spider:4 | You add the spells Necrotise and Agony to your library.
 38277 | Spider:4 | Got a gossamer rune of Zot
 38533 | D:10     | magus.rc [v1.11.3]
 38627 | Vaults:1 | Entered Level 1 of the Vaults
 38632 | Vaults:1 | Identified the +0 kite shield "Kirghuju" {rC+ rN++ Int+4
                  | Dex-4}
 38632 | Vaults:1 | Noticed Asterion
 38676 | Vaults:1 | Killed Asterion
 38708 | Vaults:1 | Reached skill level 10 in Shields
 38712 | Vaults:1 | Reached XP level 19. HP: 52/106 MP: 30/30
 39069 | Vaults:1 | Identified the +6 broad axe of Fabulous Fortitude
                  | {antimagic, rF+ rCorr}
 39134 | Vaults:1 | Found Zooreih's Magic Scroll Boutique.
 39149 | Vaults:1 | Reached skill level 11 in Shields
 39199 | Vaults:1 | Bought a scroll of fog for 80 gold pieces
 39199 | Vaults:1 | Bought a scroll of silence for 190 gold pieces
 39199 | Vaults:1 | Bought a scroll of fear for 80 gold pieces
 39728 | Vaults:1 | Reached skill level 12 in Shields
 39861 | Vaults:1 | Found a transporter.
 39871 | Vaults:1 | Found a transporter.
 39955 | Vaults:1 | Identified the ring "Jales" {rN+ Will+}
 39957 | Vaults:1 | Identified the +2 helmet "Ediluj" {rF+}
 39974 | Vaults:1 | Identified the ring "Qiosel" {rF- Int+10 SInv}
 40420 | Vaults:2 | Reached skill level 13 in Shields
 41080 | Vaults:2 | Identified the +1 flail of Gusucydgh {flame, Fragile rElec
                  | rC+}
 41323 | Vaults:2 | Reached skill level 14 in Shields
 41336 | Vaults:2 | Got the Anthology of the Winter
 41392 | Vaults:2 | Noticed a bone dragon
 41440 | Vaults:2 | Killed a bone dragon
 41831 | Vaults:2 | You add the spells Sublimation of Blood, Death Channel,
                  | Infestation and Death's Door to your library.
 41831 | Vaults:2 | Got Gaenae's Precepts of the Fifty Mouths
 41994 | Vaults:2 | Reached XP level 20. HP: 107/111 MP: 31/31
 42184 | Vaults:2 | Noticed Aizul
 42198 | Vaults:2 | Noticed a bone dragon
 42199 | Vaults:2 | Found a staircase to the Crypt.
 42201 | Vaults:2 | Killed a bone dragon
 42202 | Vaults:2 | Reached skill level 15 in Shields
 42230 | Vaults:2 | Killed Aizul
 42999 | Vaults:3 | Found a huge runed gate.
 42999 | Vaults:3 | Found a huge runed gate.
 42999 | Vaults:3 | Found a huge runed gate.
 42999 | Vaults:3 | Found a huge runed gate.
 42999 | Vaults:3 | Found a huge runed gate.
 42999 | Vaults:3 | Found a huge runed gate.
 43000 | Vaults:3 | Found a huge runed gate.
 43000 | Vaults:3 | Found a huge runed gate.
 43001 | Vaults:3 | Found a huge runed gate.
 43001 | Vaults:3 | Found a huge runed gate.
 43004 | Vaults:3 | Found a huge runed gate.
 43004 | Vaults:3 | Found a huge runed gate.
 43004 | Vaults:3 | Found a huge runed gate.
 43004 | Vaults:3 | Found a huge runed gate.
 43004 | Vaults:3 | Found a huge runed gate.
 43004 | Vaults:3 | Found a huge runed gate.
 43005 | Vaults:3 | Found a huge runed gate.
 43006 | Vaults:3 | Found a huge runed gate.
 43007 | Vaults:3 | Found a huge runed gate.
 43015 | Vaults:3 | Found a huge runed gate.
 43015 | Vaults:3 | Found a huge runed gate.
 43015 | Vaults:3 | Found a huge runed gate.
 43015 | Vaults:3 | Found a huge runed gate.
 43015 | Vaults:3 | Found a huge runed gate.
 43015 | Vaults:3 | Found a huge runed gate.
 43016 | Vaults:3 | Found a huge runed gate.
 43017 | Vaults:3 | Found a huge runed gate.
 43018 | Vaults:3 | Found a huge runed gate.
 43026 | Vaults:3 | Found a huge runed gate.
 43026 | Vaults:3 | Found a huge runed gate.
 43026 | Vaults:3 | Found a huge runed gate.
 43026 | Vaults:3 | Found a huge runed gate.
 43026 | Vaults:3 | Found a huge runed gate.
 43026 | Vaults:3 | Found a huge runed gate.
 43027 | Vaults:3 | Found a huge runed gate.
 43050 | Vaults:3 | Found a huge runed gate.
 43548 | Vaults:3 | Noticed Jory
 43595 | Vaults:3 | Killed Jory
 43940 | Vaults:3 | Found the +7 captain's cutlass {speed, disarm}
 44165 | Vaults:4 | You pick up a book of Debilitation and begin reading...
 44421 | Vaults:4 | Reached skill level 8 in Spellcasting
 45651 | Vaults:4 | Reached XP level 21. HP: 111/116 MP: 34/34
 45764 | Vaults:4 | Found Ezyenom's Distillery.
 45933 | Vaults:4 | Found a huge runed gate.
 45933 | Vaults:4 | Found a huge runed gate.
 45933 | Vaults:4 | Found a huge runed gate.
 45933 | Vaults:4 | Found a huge runed gate.
 45933 | Vaults:4 | Found a huge runed gate.
 45934 | Vaults:4 | Found a huge runed gate.
 45934 | Vaults:4 | Found a huge runed gate.
 45934 | Vaults:4 | Found a huge runed gate.
 45934 | Vaults:4 | Found a huge runed gate.
 45934 | Vaults:4 | Found a huge runed gate.
 45935 | Vaults:4 | Found a huge runed gate.
 45965 | Vaults:4 | Found a huge runed gate.
 45967 | Vaults:4 | Found a huge runed gate.
 45971 | Vaults:4 | Found a huge runed gate.
 45972 | Vaults:4 | Found a huge runed gate.
 45973 | Vaults:4 | Found a huge runed gate.
 45982 | Vaults:4 | Found a huge runed gate.
 45982 | Vaults:4 | Found a huge runed gate.
 45982 | Vaults:4 | Found a huge runed gate.
 45982 | Vaults:4 | Found a huge runed gate.
 45982 | Vaults:4 | Found a huge runed gate.
 45982 | Vaults:4 | Found a huge runed gate.
 45984 | Vaults:4 | Found a huge runed gate.
 45986 | Vaults:4 | Found a huge runed gate.
 45988 | Vaults:4 | Found a huge runed gate.
 46017 | Vaults:4 | Found a huge runed gate.
 46017 | Vaults:4 | Found a huge runed gate.
 46017 | Vaults:4 | Found a huge runed gate.
 46017 | Vaults:4 | Found a huge runed gate.
 46017 | Vaults:4 | Found a huge runed gate.
 46018 | Vaults:4 | Found a huge runed gate.
 46019 | Vaults:4 | Found a huge runed gate.
 46020 | Vaults:4 | Found a huge runed gate.
 46021 | Vaults:4 | Found a huge runed gate.
 46029 | Vaults:4 | Found a huge runed gate.
 46029 | Vaults:4 | Found a huge runed gate.
 46066 | Vaults:4 | Noticed a golden dragon
 46481 | Vaults:4 | HP: 24/116 [golden dragon (14)]
 46483 | Vaults:4 | Killed a golden dragon
 46484 | Vaults:4 | Reached skill level 9 in Spellcasting
 46493 | Vaults:4 | HP: 27/116 [tengu reaver/+0 glaive (7)]
 47123 | D:2      | Bought a scroll of summoning for 180 gold pieces
 47478 | Elf:1    | Entered Level 1 of the Elven Halls
 47717 | Elf:1    | You pick up a book of Spectacle and begin reading...
 47981 | Elf:1    | Found Leass's Antique Armour Shop.
 48002 | Elf:1    | Bought a smoking ring mail for 324 gold pieces
 48002 | Elf:1    | Identified the +3 ring mail of Duck's Teeth {rC+ Will+}
                  | (You bought it in a shop on level 1 of the Elven Halls)
 48112 | Elf:1    | Got Toropt's Precepts of Confrontation
 48375 | Elf:1    | Reached skill level 16 in Shields
 48422 | Elf:1    | Reached skill level 13 in Dodging
 48494 | Elf:1    | Reached skill level 15 in Fighting
 48841 | Elf:2    | Identified a scroll of acquirement
 48846 | Elf:2    | Identified a +2 robe of the Archmagi
 48878 | Elf:2    | Reached skill level 15 in Short Blades
 48948 | Elf:2    | Acquired a manual of Shields
 48983 | Elf:2    | You pick up a book of Party Tricks and begin reading...
 49076 | Elf:2    | You pick up a book of Armaments and begin reading...
 49076 | Elf:2    | You add the spells Stone Arrow, Animate Armour and
                  | Lehudib's Crystal Spear to your library.
 49139 | Elf:2    | You pick up a book of the Senses and begin reading...
 49169 | Elf:2    | Reached skill level 11 in Armour
 49365 | Elf:2    | Found a runed translucent gate.
 49365 | Elf:2    | Found a runed translucent gate.
 49365 | Elf:2    | Found a runed translucent gate.
 49432 | Elf:3    | Entered Level 3 of the Elven Halls
 49453 | Elf:3    | You pick up a book of Scorching and begin reading...
 49453 | Elf:3    | You add the spells Scorch, Flame Wave and Summon Cactus
                  | Giant to your library.
 49853 | Elf:3    | Reached skill level 10 in Spellcasting
 49877 | Elf:3    | You add the spells Olgreb's Toxic Radiance and Ozocubu's
                  | Refrigeration to your library.
 50356 | Elf:3    | Identified the +0 scale mail "Paiq" {Harm Str+8 Int-4
                  | Dex-4}
 50470 | Elf:3    | Identified the +12 crystal plate armour of Anaesthesia
                  | {Dex+2}
 50722 | Elf:3    | a +0 longbow; the +12 crystal plate armour of Anaesthesia
                  | {Dex+2, rare}; 9 stones
 50723 | Elf:3    | a +0 longbow; the +12 crystal plate armour of Anaesthesia
                  | {Dex+2, rare}; 9 stones
 50723 | Elf:3    | Could not pick up the +12 crystal plate armour of
                  | Anaesthesia {Dex+2, rare} here; ([A]lways) ignore it?
 51129 | Elf:3    | Identified the +1 leather armour of Stoicism {Contam rPois
                  | Int+6}
 51129 | Elf:3    | Identified the ring of the Wizarding Jester {rPois rC+
                  | Int+5 Dex+4 Stlth+}
 51232 | Elf:3    | a +0 longbow; the +12 crystal plate armour of Anaesthesia
                  | {Dex+2, rare}; 9 stones
 51264 | Elf:3    | a +0 longbow; the +12 crystal plate armour of Anaesthesia
                  | {Dex+2, rare}; 9 stones
 51526 | Elf:3    | Identified the +8 glaive of Accord {vamp, *Noise +Blink
                  | Will+++}
 51526 | Elf:3    | Identified the amulet "Ikuu" {Acrobat *Corrode Str-5 Dex+8
                  | SInv}
 51543 | Elf:3    | a +0 longbow; the +12 crystal plate armour of Anaesthesia
                  | {Dex+2, rare}; 9 stones
 51577 | Elf:3    | a +0 longbow; the +12 crystal plate armour of Anaesthesia
                  | {Dex+2, rare}; 9 stones
 51617 | Elf:3    | Reached XP level 22. HP: 122/122 MP: 37/37
 51681 | Elf:3    | Reached skill level 17 in Shields
 51731 | Elf:3    | Identified the +6 battleaxe of the Enormous God {venom, rN+
                  | Str+2 Dex+2}
 51731 | Elf:3    | Identified the amulet "Qoavotat" {Reflect Fly Str-4 SH+5
                  | SInv Stlth+}
 51764 | Elf:3    | You pick up a book of Spectacle and begin reading...
 51767 | Elf:3    | You add the spells Ignite Poison, Mephitic Cloud and
                  | Freezing Cloud to your library.
 51769 | Elf:3    | You pick up a book of Conjurations and begin reading...
 51771 | Elf:3    | You pick up a book of Conjurations and begin reading...
 51823 | Elf:3    | You pick up a book of Cantrips and begin reading...
 51824 | Elf:3    | Identified the +4 shortbow "Taoq" {vorpal, rPois rC- Str+6
                  | Int+2}
 51830 | Elf:3    | You pick up a book of Callings and begin reading...
 51877 | Elf:3    | Bought a potion of might for 104 gold pieces
 52108 | D:15     | Entered Level 15 of the Dungeon
 52145 | D:15     | Found Lodghakh's Book Shop.
 52256 | D:15     | Found a staircase to the Depths.
 52371 | D:15     | Found Tair's Jewellery Shop.
 52402 | D:15     | Found Gockoruv's Weapon Shop.
 52410 | D:15     | Bought 6 datura-tipped darts for 33 gold pieces
 52505 | D:15     | Found Nounaxio's Armour Shoppe.
 52634 | D:15     | Found Alunei Dupa's Jewellery Boutique.
 52932 | Depths:1 | Entered Level 1 of the Depths
 52941 | Depths:1 | Found a one-way gate to the infinite horrors of the Abyss.
 52965 | Depths:1 | Found a magical portal.
 53040 | WizLab   | Entered Eringya's Formal Garden
 53102 | WizLab   | You pick up a book of Maledictions and begin reading...
 53331 | WizLab   | Found a blossoming altar of Fedhas.
 53342 | WizLab   | Reached skill level 12 in Armour
 53461 | WizLab   | HP: 30/122 [deep elf master archer/arrow (24)]
 53610 | WizLab   | Reached skill level 14 in Dodging
 54014 | WizLab   | You pick up a book of Vapours and begin reading...
 54221 | Depths:1 | Found Ykipriah's General Store.
 54229 | Depths:1 | Bought a scroll of fear for 68 gold pieces
 54243 | Depths:1 | Found a gateway to Hell.
 54342 | D:15     | Reached skill level 18 in Shields
 54370 | D:15     | Reached skill level 16 in Stealth
 54611 | Depths:1 | Identified the +10 flail of Patience {speed, Str+3}
 55127 | Depths:1 | magus.rc [v1.11.3]
 55440 | Depths:2 | Found a one-way gateway to a ziggurat.
 55552 | Depths:2 | Identified the +9 great mace of Deformation {freeze, *Slow
                  | Int+2 Dex+4}
 55748 | Depths:2 | Found a one-way gate leading to the halls of Pandemonium.
 55926 | Depths:2 | Reached skill level 17 in Stealth
 55956 | Depths:2 | Reached XP level 23. HP: 121/126 MP: 38/38
 56062 | Depths:2 | Noticed a caustic shrike
 56092 | Depths:2 | Reached skill level 19 in Shields
 56126 | Depths:2 | Killed a caustic shrike
 56127 | Depths:2 | Reached skill level 13 in Armour
 56233 | Depths:2 | magus.rc [v1.11.3]
 56445 | Depths:2 | Reached skill level 18 in Stealth
 56900 | Depths:2 | magus.rc [v1.11.3]
 56918 | Depths:3 | Noticed a golden dragon
 56922 | Depths:3 | Noticed a golden dragon
 56979 | Depths:1 | Killed a golden dragon
 57109 | Depths:3 | Killed a golden dragon
 57109 | Depths:3 | HP: 31/126 [ice dragon (2)]
 57116 | Depths:3 | HP: 29/126 [iron dragon (3)]
 57129 | Depths:3 | HP: 30/126 [spriggan rider/+2 vorpal spear (5)]
 57134 | Depths:3 | HP: 21/126 [spriggan rider/+0 spear (8)]
 57139 | Depths:3 | HP: 16/126 [spriggan rider/+0 spear (3)]
 57434 | Depths:3 | Identified the +3 scale mail of Mune {MP+9}
 57861 | Depths:3 | Noticed a caustic shrike
 57861 | Depths:3 | an acid blob changed into a caustic shrike
 57867 | Depths:3 | a caustic shrike changed into an acid blob
 57891 | Depths:3 | Noticed a caustic shrike
 58061 | Depths:3 | Noticed Mara
 58082 | Depths:3 | Killed Mara
 58149 | Depths:3 | Found a hazy altar of Hepliaklqana.
 58192 | Depths:3 | Identified the +7 long sword of Tension {vorpal, rElec rN+}
 58197 | Depths:3 | Noticed a golden dragon
 58205 | Depths:3 | You pick up a book of Necromancy and begin reading...
 58219 | Depths:3 | You pick up a book of Beasts and begin reading...
 58219 | Depths:3 | You add the spells Summon Mana Viper and Monstrous
                  | Menagerie to your library.
 58276 | Depths:3 | Acquired 821 gold pieces
 58532 | Depths:3 | Reached skill level 19 in Stealth
 58592 | Depths:3 | Killed a golden dragon
 58764 | Depths:4 | Entered Level 4 of the Depths
 58889 | Depths:4 | Reached XP level 24. HP: 107/133 MP: 37/38
 59003 | Depths:4 | Found a gate to the Realm of Zot.
 59005 | Depths:4 | Identified the +4 morningstar "Netuitye" {elec, rPois rC+
                  | MP-9}
 59122 | Depths:4 | Reached skill level 16 in Fighting
 59167 | Depths:4 | Learned a level 2 spell: Blink
 59172 | Depths:4 | Learned a level 4 spell: Iskenderun's Mystic Blast
 59174 | Depths:4 | Learned a level 1 spell: Apportation
 59288 | Depths:4 | Reached skill level 14 in Armour
 59364 | Depths:4 | Reached skill level 1 in Translocations
 59607 | Depths:4 | Reached skill level 15 in Dodging
 59641 | Depths:4 | You pick up a book of the Tundra and begin reading...
 59815 | Depths:4 | Reached skill level 2 in Translocations
 60452 | Slime:1  | Entered Level 1 of the Pits of Slime
 60566 | Slime:1  | Reached skill level 3 in Translocations
 60744 | Slime:2  | Gained mutation: Your spells are a little easier to cast,
                  | but a little less powerful. [a shining eye]
 61381 | Slime:4  | Gained mutation: You are frail. (-10% HP) [a shining eye]
 61413 | Slime:5  | Entered Level 5 of the Pits of Slime
 61543 | Slime:5  | Noticed Dissolution
 61568 | Slime:5  | Gained mutation: You have sharp toenails. [a shining eye]
 61574 | Slime:5  | Gained mutation: You are clumsy. (Dex -2) [a shining eye]
 61575 | Slime:5  | Killed Dissolution
 61701 | Slime:5  | Reached skill level 4 in Translocations
 61722 | Slime:5  | Reached skill level 20 in Stealth
 62148 | Slime:5  | Noticed the Royal Jelly
 62152 | Slime:5  | Found a viscous altar of Jiyva.
 62159 | Slime:5  | Found the +3 Elemental Staff {rElec rF++ rC++ AC+5}
 62195 | Slime:5  | Killed the Royal Jelly
 62196 | Slime:5  | Reached skill level 11 in Spellcasting
 62196 | Slime:5  | Reached skill level 11 in Hexes
 62196 | Slime:5  | Reached XP level 25. HP: 124/125 MP: 38/39
 62262 | Slime:5  | You add the spells Malign Gateway and Summon Horrible
                  | Things to your library.
 62265 | Slime:5  | Identified the ring of Kynyil {*Slow rN+ rCorr Stlth+}
 62296 | Slime:5  | You add the spells Passage of Golubria and Yara's Violent
                  | Unravelling to your library.
 62300 | Slime:5  | You pick up a book of Storms and begin reading...
 62302 | Slime:5  | Got a slimy rune of Zot
 62333 | Slime:5  | Identified the +7 hand axe "String" {pain, rC+ Int+3}
 62338 | Slime:5  | Identified the +7 rapier of Wiskear {vorpal, *Slow rElec
                  | rF+ rN+}
 62341 | Slime:5  | Identified the ring "Qefokiyh" {rF+ rCorr MP+9}
 62403 | Slime:5  | Identified the +5 morningstar of Giphe {vamp, Dex+5}
 63003 | D:2      | Lost mutation: You have supernaturally acute eyesight.
                  | (SInv) [potion of mutation]
 63003 | D:2      | Lost mutation: You are frail. (-10% HP) [potion of
                  | mutation]
 63003 | D:2      | Lost mutation: Your spells are a little easier to cast, but
                  | a little less powerful. [potion of mutation]
 63003 | D:2      | Gained mutation: Your flesh is cold resistant. (rC+)
                  | [potion of mutation]
 63004 | D:2      | Lost mutation: You are clumsy. (Dex -2) [potion of
                  | mutation]
 63004 | D:2      | Lost mutation: You have sharp toenails. [potion of
                  | mutation]
 63004 | D:2      | Gained mutation: You have sharp toenails. [potion of
                  | mutation]
 63004 | D:2      | Gained mutation: You have a pair of small horns on your
                  | head. [potion of mutation]
 63004 | D:2      | Gained mutation: You are robust. (+10% HP) [potion of
                  | mutation]
 63004 | D:2      | Gained mutation: You have hidden genetic potential. [potion
                  | of mutation]
 63005 | D:2      | Lost mutation: You are robust. (+10% HP) [potion of
                  | mutation]
 63005 | D:2      | Lost mutation: You have hidden genetic potential. [potion
                  | of mutation]
 63005 | D:2      | Gained mutation: Your mind is acute. (Int +4, Str/Dex -1)
                  | [potion of mutation]
 63005 | D:2      | Gained mutation: You have a somewhat thin skeletal
                  | structure. (Dex +2, Stealth+) [potion of mutation]
 63407 | Depths:1 | Learned a level 7 spell: Enfeeble
 63416 | Depths:1 | Learned a level 8 spell: Discord
 63442 | Depths:1 | Voluntarily entered the Abyss.
 63594 | Abyss:2  | magus.rc [v1.11.3]
 64131 | Abyss:2  | Reached skill level 7 in Conjurations
 64361 | Abyss:4  | Reached skill level 5 in Translocations
 64455 | Abyss:4  | Got an abyssal rune of Zot
 64479 | Depths:1 | You pass through the gate.
 64479 | Depths:1 | Escaped the Abyss
 64836 | Vaults:5 | Entered Level 5 of the Vaults
 64841 | Vaults:5 | Noticed an ancient lich
 64878 | Vaults:5 | Killed an ancient lich
 65083 | Vaults:5 | Noticed a dread lich
 65098 | Vaults:5 | Killed a dread lich
 65276 | Vaults:5 | Got a silver rune of Zot
 65346 | Vaults:5 | Identified the ring of Pride {rCorr Str+6}
 65352 | Vaults:5 | Identified the +10 dagger "Saux" {vamp, +Blink rN+ Int+2}
 65417 | Vaults:5 | You pick up a book of Alchemy and begin reading...
 65440 | Vaults:5 | You add the spells Dispel Undead and Haunt to your library.
 65440 | Vaults:5 | Got the Anthology of Blasphemous Magic
 65636 | Vaults:5 | Identified a +0 crystal plate armour
 65656 | Vaults:5 | Reached skill level 6 in Translocations
 65805 | Vaults:5 | Reached skill level 8 in Conjurations
 66055 | Vaults:5 | Identified the +8 lajatang "Bosumpig" {elec, rF+++ Str+6
                  | Int-4}
 66061 | Vaults:5 | Reached skill level 17 in Fighting
 66064 | Vaults:5 | Reached skill level 12 in Hexes
 66069 | Vaults:5 | You add the spells Gell's Gravitas, Teleport Other and
                  | Dispersal to your library.
 66089 | Vaults:5 | Identified the ring of Hesibaas {rElec rF+ Int+3 Dex+6}
 66154 | Vaults:5 | Reached skill level 12 in Spellcasting
 66165 | Vaults:5 | Noticed a dread lich
 66190 | Vaults:5 | Killed a dread lich
 66191 | Vaults:5 | Reached skill level 15 in Armour
 66342 | Vaults:5 | Found Woallerph's Armour Shoppe.
 66347 | Vaults:5 | Identified the +4 whip of Buyfe {freeze, rF+ Dex+4}
 66522 | Vaults:5 | Got the Secrets of Fetching Wicked Rites
 66567 | Vaults:5 | Identified the +4 chain mail of Midsummer {Stlth+}
 66601 | Vaults:5 | a +0 great sword; +0 shadow dragon scales {rare}; a scroll
                  | of identify {@r1}
 66602 | Vaults:5 | a +0 great sword; +0 shadow dragon scales {rare}; a scroll
                  | of identify {@r1}
 66602 | Vaults:5 | Could not pick up +0 shadow dragon scales {rare} here;
                  | ([A]lways) ignore it?
 66628 | Vaults:5 | Reached skill level 7 in Translocations
 66750 | Vaults:5 | Acquired 1081 gold pieces
 66807 | Vaults:5 | You pick up a book of Decay and begin reading...
 67033 | Vaults:5 | Reached XP level 26. HP: 145/145 MP: 40/40
 67164 | Vaults:5 | a +0 great sword; +0 shadow dragon scales {rare}; a scroll
                  | of identify {@r1}
 67165 | Vaults:5 | Z - +0 shadow dragon scales {rare}
 67176 | Vaults:5 | You finish putting on your +0 shadow dragon scales {rare}.
 67181 | Vaults:5 | You finish taking off your +0 shadow dragon scales {rare}.
 67186 | Vaults:5 | You drop +0 shadow dragon scales {rare}.
 67319 | Crypt:1  | Entered Level 1 of the Crypt
 67368 | Crypt:1  | Reached skill level 16 in Dodging
 67419 | Crypt:1  | You pick up a book of Alchemy and begin reading...
 67763 | Elf:3    | a +0 longbow; the +12 crystal plate armour of Anaesthesia
                  | {Dex+2, rare}; 9 stones
 67828 | Elf:3    | Bought a masterwork ring mail for 333 gold pieces
 67828 | Elf:3    | Identified the +2 ring mail of the Lizard {rPois} (You
                  | bought it in a shop on level 3 of the Elven Halls)
 68575 | Crypt:1  | Noticed a curse skull
 68584 | Crypt:1  | Killed a curse skull
 69015 | Crypt:2  | Noticed Xtahua
 69020 | Crypt:2  | Killed Xtahua
 69094 | Crypt:2  | Noticed Grunn
 69116 | Crypt:2  | Killed Grunn
 69220 | Crypt:2  | Reached skill level 8 in Translocations
 70047 | Crypt:3  | Entered Level 3 of the Crypt
 70265 | Crypt:3  | Reached skill level 13 in Hexes
 70362 | Crypt:3  | Found an ancient bone altar of Kikubaaqudgha.
 70404 | Crypt:3  | Reached skill level 13 in Spellcasting
 70611 | Crypt:3  | Identified the ring "Cuukluuqaa" {rN+ Int+5 SInv}
 70611 | Crypt:3  | Identified the ring "Ynyheus" {rN+ Str+3 Dex-3}
 70942 | Crypt:3  | Got Ikitiru's Compilation of Evil
 70943 | Crypt:3  | Identified the ring of Durilov {rElec rPois rN++ Str-4
                  | Dex+6}
 70945 | Crypt:3  | Got the Parchment of the Legion and Venin
 71004 | Crypt:3  | Reached skill level 9 in Translocations
 71064 | Crypt:3  | Found a staircase to the Tomb.
 71064 | Crypt:3  | Noticed a curse skull
 71100 | Crypt:3  | Killed a curse skull
 71257 | Crypt:3  | Identified the +8 hand axe of Lies {vamp, rCorr Str+4
                  | Int+2}
 71408 | Crypt:3  | You add the spells Shock and Static Discharge to your
                  | library.
 71408 | Crypt:3  | Got the Dissertation on the Amorphous Birds
 71717 | Crypt:3  | Learned a level 6 spell: Dispersal
 71721 | Crypt:3  | Learned a level 3 spell: Swiftness
 71727 | Crypt:3  | Learned a level 5 spell: Yara's Violent Unravelling
 71728 | Tomb:1   | Entered Level 1 of the Tomb of the Ancients
 71915 | Tomb:1   | You pick up a book of Alchemy and begin reading...
 72009 | Tomb:1   | Reached skill level 1 in Transmutations
 72016 | Tomb:1   | Reached skill level 1 in Air Magic
 72041 | Tomb:1   | Reached skill level 18 in Fighting
 72283 | Tomb:1   | You pick up a book of Dangerous Friends and begin
                  | reading...
 72287 | Tomb:1   | You pick up a book of Frost and begin reading...
 72288 | Tomb:1   | Noticed a royal mummy
 72327 | Tomb:1   | Killed a royal mummy
 72328 | Tomb:1   | Reached skill level 2 in Transmutations
 72328 | Tomb:1   | Reached XP level 27. HP: 142/151 MP: 39/41
 72379 | Tomb:1   | Reached skill level 2 in Air Magic
 72779 | Tomb:1   | Noticed a royal mummy
 72785 | Tomb:1   | Reached skill level 3 in Air Magic
 72789 | Tomb:1   | Reached skill level 3 in Transmutations
 72813 | Tomb:1   | Killed a royal mummy
 72847 | Tomb:1   | Noticed a royal mummy
 72860 | Tomb:1   | Killed a royal mummy
 72861 | Tomb:1   | Reached skill level 10 in Translocations
 72922 | Tomb:1   | Reached skill level 14 in Hexes
 72960 | Tomb:1   | Acquired 1006 gold pieces
 73269 | Tomb:1   | Reached skill level 14 in Spellcasting
 73529 | Tomb:1   | Learned a level 5 spell: Irradiate
 73533 | Tomb:2   | Noticed a royal mummy
 73534 | Tomb:2   | Noticed a royal mummy
 73554 | Tomb:2   | Killed a royal mummy
 73560 | Tomb:2   | Noticed a royal mummy
 73604 | Tomb:2   | Noticed a royal mummy
 73635 | Tomb:2   | Killed a royal mummy
 73636 | Tomb:2   | Reached skill level 17 in Dodging
 74276 | Tomb:3   | Entered Level 3 of the Tomb of the Ancients
 74284 | Tomb:3   | Found the ring of the Mage {Wiz Archmagi}
 74309 | Tomb:3   | Killed a royal mummy
 74323 | Tomb:3   | Noticed a royal mummy
 74341 | Tomb:3   | Noticed a royal mummy
 74341 | Tomb:3   | Noticed a royal mummy
 74348 | Tomb:3   | Killed a royal mummy
 74369 | Tomb:3   | Noticed a royal mummy
 74386 | Tomb:3   | Noticed a royal mummy
 74391 | Tomb:3   | Noticed a royal mummy
 74397 | Tomb:3   | Noticed a royal mummy
 74813 | Tomb:3   | Identified the +10 sling of Lies {vorpal, Fly Str+6}
 74817 | Tomb:3   | Identified the +2 leather armour "Qaddek" {rCorr}
 74821 | Tomb:3   | You pick up a book of Maledictions and begin reading...
 74824 | Tomb:3   | You pick up a book of Armaments and begin reading...
 74825 | Tomb:3   | Identified the ring "Hoduk" {rPois rCorr MP+9}
 74827 | Tomb:3   | You pick up a book of Rime and begin reading...
 74828 | Tomb:3   | Identified the +2 plate armour "Cygef" {Harm rF+ MP+9
                  | Dex+2}
 74830 | Tomb:3   | You pick up a book of the Dragon and begin reading...
 74830 | Tomb:3   | You add the spells Dragon Form and Dragon's Call to your
                  | library.
 74832 | Tomb:3   | Identified the ring "Sotir" {rN+ Will+ Dex+7}
 74838 | Tomb:3   | Identified the amulet of Musir {Regen+ Dex+4}
 74858 | Tomb:3   | Identified the +8 quarterstaff of Desertification {pain,
                  | Str+4 Dex+2 Stlth-}
 74865 | Tomb:3   | Got Giforimiy's Treatise on Deathly Venin
 74897 | Tomb:3   | Identified the ring "Weddit" {Wiz Drain Fly rC++ Slay+3}
 74962 | Tomb:3   | Got a golden rune of Zot
 75841 | Zot:1    | Entered Level 1 of the Realm of Zot
 75884 | Zot:1    | Identified the +11 arbalest of Rogga {venom, rC+ Str+3}
 76009 | Zot:1    | Reached skill level 15 in Hexes
 76009 | Zot:1    | Reached skill level 4 in Transmutations
 76732 | Vaults:4 | Bought a potion of haste for 220 gold pieces
 76732 | Vaults:4 | Bought a potion of haste for 220 gold pieces
 76732 | Vaults:4 | Bought a potion of lignification for 66 gold pieces
 76732 | Vaults:4 | Bought a potion of lignification for 66 gold pieces
 76732 | Vaults:4 | Bought a potion of lignification for 66 gold pieces
 77855 | Zot:1    | Reached skill level 5 in Transmutations
 77939 | Zot:1    | You pick up a book of Sloth and begin reading...
 78230 | Zot:2    | Reached skill level 16 in Hexes
 78368 | Zot:1    | HP: 34/153 [wind drake/the air[a white draconian
                  | stormcaller] (17)]
 78369 | Zot:1    | HP: 15/153 [poisoned by a death drake (foul vapour)]
 78380 | Zot:1    | HP: 15/153 [wind drake/the air[a white draconian
                  | stormcaller] (7)]
 78729 | Zot:2    | Reached skill level 19 in Fighting
 79776 | Zot:3    | Reached skill level 20 in Fighting
 80569 | Zot:4    | Reached skill level 15 in Spellcasting
 80634 | Zot:4    | Identified +9 gold dragon scales
 80634 | Zot:4    | Noticed Parghit
 80636 | Zot:4    | Killed Parghit
 80638 | Zot:4    | g - +9 gold dragon scales {rare}
 80778 | Zot:4    | Noticed an electric golem
 80810 | Zot:4    | Killed an electric golem
 80956 | Zot:4    | Noticed a curse toe
 80987 | Zot:4    | Killed a curse toe
 81493 | Zot:4    | Identified the +1 great sword of the Piercing Ass {flame,
                  | rElec rC+}
 81517 | Zot:4    | Noticed a curse toe
 81524 | Zot:4    | Killed a curse toe
 81533 | Zot:4    | You pick up a book of Armaments and begin reading...
 81627 | Zot:5    | Entered Level 5 of the Realm of Zot
 81702 | Zot:5    | Identified 2 potions of experience
 81731 | Zot:5    | Reached skill level 17 in Hexes
 82012 | Zot:5    | You pick up a book of Burglary and begin reading...
 82123 | Zot:5    | Reached skill level 16 in Spellcasting
 82157 | Zot:5    | Reached skill level 18 in Hexes
 82292 | Zot:5    | Noticed an orb of fire
 82292 | Zot:5    | Gained mutation: You sometimes lose your temper in combat.
                  | [an orb of fire]
 82323 | Zot:5    | Killed an orb of fire
 82328 | Zot:5    | Noticed an orb of fire
 82355 | Zot:5    | Killed an orb of fire
 82367 | Zot:5    | Noticed an orb of fire
 82374 | Zot:5    | Gained mutation: You are clumsy. (Dex -2) [an orb of fire]
 82378 | Zot:5    | Noticed a dread lich
 82394 | Zot:5    | Noticed a dread lich
 82398 | Zot:5    | Killed an orb of fire
 82425 | Zot:5    | Killed a dread lich
 82446 | Zot:5    | Killed a dread lich
 82447 | Zot:5    | Reached skill level 19 in Hexes
 82485 | Zot:5    | Noticed an orb of fire
 82493 | Zot:5    | Gained mutation: You have an uncontrollable temper. [an orb
                  | of fire]
 82495 | Zot:5    | Noticed an electric golem
 82505 | Zot:5    | Noticed an orb of fire
 82507 | Zot:5    | Killed an orb of fire
 82518 | Zot:5    | Gained mutation: You occasionally lose the ability to read
                  | scrolls when taking damage. [an orb of fire]
 82616 | Zot:5    | Killed an electric golem
 82633 | Zot:5    | Noticed an orb of fire
 82642 | Zot:5    | Noticed an orb of fire
 82653 | Zot:5    | Noticed an orb of fire
 82692 | Zot:5    | Gained mutation: Armour fits poorly on your strangely
                  | shaped body. [an orb of fire]
 82719 | Zot:5    | Killed an orb of fire
 82804 | Zot:4    | Lost mutation: You occasionally lose the ability to read
                  | scrolls when taking damage. [potion of mutation]
 82804 | Zot:4    | Lost mutation: You have sharp toenails. [potion of
                  | mutation]
 82804 | Zot:4    | Gained mutation: Your muscles are strong. (Str +4, Int/Dex
                  | -1) [potion of mutation]
 82804 | Zot:4    | Gained mutation: Your magical capacity is low. (-10% MP)
                  | [potion of mutation]
 82805 | Zot:4    | Lost mutation: You have a pair of small horns on your head.
                  | [potion of mutation]
 82805 | Zot:4    | Lost mutation: Your flesh is cold resistant. (rC+) [potion
                  | of mutation]
 82805 | Zot:4    | Lost mutation: Your magical capacity is low. (-10% MP)
                  | [potion of mutation]
 82805 | Zot:4    | Lost mutation: You are clumsy. (Dex -2) [potion of
                  | mutation]
 82805 | Zot:4    | Gained mutation: You have a pair of small horns on your
                  | head. [potion of mutation]
 82806 | Zot:4    | Lost mutation: You have a somewhat thin skeletal structure.
                  | (Dex +2, Stealth+) [potion of mutation]
 82806 | Zot:4    | Lost mutation: Armour fits poorly on your strangely shaped
                  | body. [potion of mutation]
 82806 | Zot:4    | Gained mutation: Your muscles are very strong. (Str +8,
                  | Int/Dex -2) [potion of mutation]
 82806 | Zot:4    | Lost mutation: Your mind is acute. (Int +4, Str/Dex -1)
                  | [potion of mutation]
 82807 | Zot:4    | Lost mutation: You have an uncontrollable temper. [potion
                  | of mutation]
 82807 | Zot:4    | Lost mutation: You sometimes lose your temper in combat.
                  | [potion of mutation]
 82807 | Zot:4    | Gained mutation: Your flesh is cold resistant. (rC+)
                  | [potion of mutation]
 82807 | Zot:4    | Lost mutation: Your muscles are very strong. (Str +8,
                  | Int/Dex -2) [potion of mutation]
 82807 | Zot:4    | Gained mutation: You have sharp toenails. [potion of
                  | mutation]
 82840 | Zot:5    | Noticed an electric golem
 82859 | Zot:5    | Killed an electric golem
 82884 | Zot:5    | Gained mutation: Your magical capacity is low. (-10% MP)
                  | [an orb of fire]
 82890 | Zot:5    | Noticed an orb of fire
 82912 | Zot:5    | Killed an orb of fire
 82928 | Zot:5    | Killed an orb of fire
 82929 | Zot:5    | Reached skill level 20 in Hexes
 83052 | Zot:5    | Gained mutation: You are frail. (-10% HP) [an orb of fire]
 83062 | Zot:5    | Killed an orb of fire
 83246 | Zot:5    | Noticed an orb of fire
 83267 | Zot:5    | Killed an orb of fire
 83352 | Zot:5    | Killed an orb of fire
 83353 | Zot:5    | Reached skill level 21 in Hexes
 83452 | Zot:5    | Noticed a dread lich
 83480 | Zot:5    | Killed a dread lich
 83731 | Zot:5    | Lost mutation: You have a pair of small horns on your head.
                  | [potion of mutation]
 83731 | Zot:5    | Lost mutation: You are frail. (-10% HP) [potion of
                  | mutation]
 83731 | Zot:5    | Gained mutation: Your body sometimes deteriorates upon
                  | taking damage. [potion of mutation]
 83732 | Zot:5    | Lost mutation: Your muscles are strong. (Str +4, Int/Dex
                  | -1) [potion of mutation]
 83732 | Zot:5    | Lost mutation: Your flesh is cold resistant. (rC+) [potion
                  | of mutation]
 83732 | Zot:5    | Gained mutation: You occasionally lose the ability to drink
                  | potions when taking damage. [potion of mutation]
 83733 | Zot:5    | Lost mutation: Your body sometimes deteriorates upon taking
                  | damage. [potion of mutation]
 83733 | Zot:5    | Lost mutation: You have sharp toenails. [potion of
                  | mutation]
 83733 | Zot:5    | Gained mutation: You are robust. (+10% HP) [potion of
                  | mutation]
 83733 | Zot:5    | Gained mutation: You are very robust. (+20% HP) [potion of
                  | mutation]
 83734 | Zot:5    | Lost mutation: Your magical capacity is low. (-10% MP)
                  | [potion of mutation]
 83734 | Zot:5    | Lost mutation: You are very robust. (+20% HP) [potion of
                  | mutation]
 83734 | Zot:5    | Lost mutation: You are robust. (+10% HP) [potion of
                  | mutation]
 83734 | Zot:5    | Gained mutation: You possess an exceptional clarity of
                  | mind. [potion of mutation]
 83734 | Zot:5    | Gained mutation: You occasionally lose the ability to read
                  | scrolls when taking damage. [potion of mutation]
 83735 | Zot:5    | Lost mutation: You occasionally lose the ability to read
                  | scrolls when taking damage. [potion of mutation]
 83735 | Zot:5    | Lost mutation: You occasionally lose the ability to drink
                  | potions when taking damage. [potion of mutation]
 83735 | Zot:5    | Gained mutation: You have a pair of small antennae on your
                  | head. [potion of mutation]
 83735 | Zot:5    | Lost mutation: You possess an exceptional clarity of mind.
                  | [potion of mutation]
 83786 | Zot:5    | Got the Orb of Zot
 84550 | D:6      | Noticed Satutey the pandemonium lord
 84550 | D:6      | Noticed an ancient lich
 84568 | D:6      | Killed Satutey the pandemonium lord
 84569 | D:6      | Reached skill level 22 in Hexes
 84582 | D:6      | Killed an ancient lich
 84647 | D:6      | Noticed Livant the pandemonium lord
 84669 | D:6      | Killed Livant the pandemonium lord
 84834 | D:1      | Noticed Afaur the pandemonium lord
 84859 | D:1      | Killed Afaur the pandemonium lord
 85370 | D:1      | Noticed Geamal the pandemonium lord
 85389 | D:1      | Killed Geamal the pandemonium lord
 85523 | D:1      | Reached skill level 23 in Hexes
 85535 | D:$      | Escaped with the Orb!

Vanquished Creatures
  Dissolution (Slime:5)
  5 dread liches
  10 orbs of fire (Zot:5)
  2 ancient liches
  4 pandemonium lords
  Mara (Depths:3)
  4 royal mummies
  2 Killer Klowns (Zot:5)
  Parghit (Zot:4)
  2 curse toes (Zot:4)
  A caustic shrike (Depths:2)
  Xtahua (Crypt:2)
  7 golden dragons
  A profane servitor (Crypt:3)
  Jory (Vaults:3)
  7 bone dragons
  Arachne (Spider:2)
  2 doom hounds (Crypt:2)
  A Brimstone Fiend (D:1)
  3 electric golems
  22 tentacled monstrosities
  Jorgrun (Orc:2)
  2 hellephants
  An Ice Fiend (Depths:4)
  Grunn (Crypt:2)
  3 walking crystal tomes (Depths:3)
  33 Orb Guardians
  Asterion (Vaults:1)
  8 liches
  6 quicksilver dragons
  5 deep elf master archers
  A walking earthen tome (Depths:3)
  3 walking frostbound tomes (Depths:3)
  A deep elf blademaster (Elf:3)
  17 sphinxes
  12 death cobs
  7 titans
  8 ancient champions
  14 acid blobs
  3 Executioners
  A tentacled starspawn (Abyss:4)
  Agnes (Lair:2)
  A thorn hunter (WizLab)
  13 storm dragons
  A draconian monk (Zot:1)
  Kirke (Spider:1)
  10 shadow dragons
  7 revenants
  5 fenstrider witches
  6 tengu reavers
  5 rockslimes
  12 azure jellies
  10 fire giants
  Roxanne (Spider:2)
  Donald (Swamp:3)
  A frost giant (shapeshifter) (Depths:3)
  2 iron dragons (Depths:3)
  A balrug (Abyss:2)
  A demonspawn warmonger (D:1)
  6 deep elf sorcerers
  A cacodemon (D:1)
  19 vault wardens
  7 ghost moths
  9 frost giants
  3 orc warlords
  2 curse skulls
  6 emperor scorpions
  14 draconian scorchers
  5 deep elf elementalists (Elf:3)
  7 draconian shifters
  5 draconian annihilators
  Aizul (Vaults:2)
  4 spriggan defenders
  16 ironbound preservers
  A demonspawn corrupter (D:1)
  6 draconian stormcallers
  5 quicksilver oozes
  A broodmother (Spider:4)
  4 reapers
  6 ghouls
  24 very ugly things
  8 ironbound thunderhulks
  A war gargoyle (Vaults:1)
  A juggernaut skeleton (Vaults:2)
  2 bennus (Tomb:2)
  22 stone giants
  8 vampire knights
  2 starcursed masses
  7 yellow draconians
  9 green draconians
  9 white draconians
  10 eleionomae
  5 deep elf demonologists
  6 black draconians
  16 spark wasps
  5 lorocyprocas
  4 entropy weavers
  4 deep elf annihilators
  5 dire elephants
  7 purple draconians
  2 bunyips
  9 red draconians
  3 green deaths
  13 ettins
  10 deep elf death magi
  12 jiangshi (Crypt:3)
  Snorg (D:12)
  14 mummy priests
  A blizzard demon (Depths:4)
  2 shambling mangroves (WizLab)
  17 great orbs of eyes
  8 fire dragons
  14 yaktaur captains
  8 deep elf high priests
  9 rakshasas
  9 ice dragons
  10 ghost crabs
  A peacekeeper (Vaults:1)
  2 radroaches (Spider:4)
  5 boulder beetles
  A jorogumo (Spider:2)
  16 hydras
  10 spriggan air magi
  27 vault guards
  14 centaur warriors
  A fenstrider witch skeleton (Swamp:1)
  7 ironbound frosthearts
  4 catoblepae
  An ogre mage (Vaults:1)
  A juggernaut simulacrum (Vaults:2)
  9 alligators
  5 death knights
  13 dancing weapons
  7 deep troll shamans
  9 two-headed ogres
  An anaconda (shapeshifter) (Vaults:2)
  38 death scarabs
  7 death yaks
  7 deep troll earth magi
  6 naga sharpshooters (WizLab)
  4 tengu warriors
  A hell hog (Abyss:2)
  8 orc high priests
  2 vampire magi (Depths:1)
  15 spriggan berserkers
  2 wretched stars
  18 spriggans
  6 hell knights
  Amaemon (D:8)
  7 iron trolls
  2 sun demons
  4 sixfirhies
  7 deep elf knights
  Sonja (D:12)
  2 soul eaters (Crypt:1)
  3 thrashing horrors
  4 shadow wraiths (Crypt:3)
  36 skeletal warriors
  A fire crab (shapeshifter) (Vaults:4)
  2 cherubim (D:1)
  58 deep trolls
  3 shadow demons
  5 swamp dragons
  7 pharaoh ants
  7 steelbarb worms
  A goliath frog (Swamp:3)
  A sun moth (Spider:4)
  2 salamander mystics (Depths:2)
  An entropy weaver zombie (Crypt:2)
  3 glowing orange brains
  An obsidian statue (Vaults:1)
  5 large abominations
  8 orb spiders
  6 spriggan druids
  9 orc knights
  14 bog bodies
  A lindwurm (Lair:5)
  2 spectral hydras (Swamp:4)
  11 flayed ghosts
  16 deep elf archers
  13 wizards
  17 phantasmal warriors
  13 ironbound convokers
  40 ugly things
  An anaconda skeleton (Crypt:2)
  4 harpies
  21 deep elf pyromancers
  A wolf spider (shapeshifter) (Vaults:5)
  8 necromancers
  A lindwurm (shapeshifter) (Vaults:1)
  Pikel (D:6)
  5 cyclopes
  3 oklob plants
  7 spectral spriggans (Swamp:1)
  21 deep elf zephyrmancers
  17 wolf spiders
  A shadow dragon skeleton (Vaults:2)
  8 orc sorcerers
  7 shining eyes
  2 worldbinders
  18 elephants
  3 manticores
  3 fauns (WizLab)
  30 moths of wrath
  3 will-o-the-wisps
  2 centaur zombies
  An apocalypse crab (Abyss:4)
  2 guardian serpents (Abyss:4)
  3 rust devils
  2 ice statues (Vaults:2)
  5 black mambas
  A storm dragon simulacrum (Vaults:2)
  2 gargoyles
  2 iron dragon skeletons
  4 torpor snails
  2 smoke demons
  9 orange demons
  24 vault sentinels
  Maggie (D:8)
  10 cane toads
  A sea snake zombie (Crypt:1)
  An alligator snapping turtle skeleton (Crypt:1)
  A rime drake (shapeshifter) (Vaults:5)
  3 hellions
  A centaur skeleton (Crypt:1)
  35 yaktaurs
  14 rime drakes
  6 komodo dragons
  11 demonic crawlers
  2 unseen horrors
  4 kobold demonologists
  2 efreet
  13 freezing wraiths
  2 komodo dragons (shapeshifter)
  A pale draconian zombie (Crypt:2)
  4 hydra zombies
  2 anaconda simulacra
  3 ancient zymes
  A bunyip simulacrum (Crypt:1)
  7 guardian mummies
  A tormentor (D:1)
  5 tengu conjurers
  A swamp worm zombie (Swamp:4)
  A harpy zombie (Crypt:2)
  An iron troll skeleton (Crypt:1)
  A merfolk (shapeshifter) (D:9)
  A meliai (Spider:4)
  2 bloated husks
  20 hornets
  4 trolls
  2 polar bears
  2 raiju
  67 slime creatures
  A wind drake (shapeshifter) (D:14)
  30 tarantellas
  A shadow dragon simulacrum (Vaults:2)
  11 blink frogs
  5 tyrant leeches
  5 alligator zombies (Swamp:4)
  A death drake skeleton (Swamp:1)
  3 harpy skeletons
  4 shadows
  3 spectral swamp dragons (Swamp:4)
  10 wraiths
  57 flying skulls
  19 jumping spiders
  A culicivora (shapeshifter) (Vaults:5)
  An alligator skeleton (Crypt:1)
  17 culicivoras
  A human simulacrum (Vaults:4)
  An air elemental (Elf:1)
  7 water elementals
  An ettin skeleton (Crypt:2)
  9 wyverns
  37 yaks
  2 vampires
  5 ushabtiu
  15 golden eyes
  16 humans (D:14)
  5 basilisks
  3 neqoxecs
  2 ynoxinuls
  A fire bat (Abyss:2)
  3 fire elementals
  43 redbacks
  12 vampire mosquitoes
  4 chaos spawn
  12 steam dragons
  2 spriggan simulacra
  Menkaure (D:6)
  6 wargs
  Edmund (D:6)
  A redback (shapeshifter) (Vaults:5)
  A naga zombie (Crypt:2)
  14 swamp worms
  A floating eye (Depths:3)
  2 two-headed ogre skeletons
  A floating eye (shapeshifter) (Depths:3)
  9 small abominations
  46 orc warriors
  An ice beast (D:7)
  17 water moccasins
  3 swamp drakes
  3 swamp dragon zombies (Swamp:4)
  A black bear (shapeshifter) (Vaults:1)
  2 fire dragon simulacra (Vaults:2)
  12 ogres
  A black bear (Lair:5)
  8 boggarts
  19 wolves
  6 centaurs
  A dream sheep skeleton (Crypt:1)
  6 phantoms
  An elf zombie (Ossuary)
  4 kobold brigands
  15 bullfrogs
  2 earth elementals (Elf:1)
  6 scorpions
  A gnoll sergeant (D:9)
  6 necrophages
  3 elephant simulacra (Vaults:2)
  11 killer bees
  4 electric eels
  2 howler monkeys
  2 lava snakes
  A gnoll bouda (D:9)
  An iron imp (D:6)
  5 jellies
  41 orc priests
  7 hounds
  4 human zombies
  2 iguanas
  A spectral swamp drake (Swamp:4)
  28 orc wizards
  4 naga skeletons
  24 mummies
  Robin (D:1)
  A naga simulacrum (Vaults:2)
  7 adders
  3 river rats
  A swamp drake zombie (Swamp:4)
  A white imp (D:6)
  An ufetubus (D:6)
  An adder zombie (Ossuary)
  3 worms
  115 orcs
  2 endoplasms
  An endoplasm (shapeshifter) (Vaults:5)
  5 giant cockroaches
  15 goblins
  8 hobgoblins
  6 jackals
  9 kobolds
  8 quokkas
  6 ball pythons
  4 bats
  3 frilled lizards
  A goblin zombie (Ossuary)
  12 hobgoblin zombies (Ossuary)
  A jackal zombie (Ossuary)
  11 kobold zombies (Ossuary)
  7 orc zombies (Ossuary)
  11 rats
  A rat zombie (Ossuary)
  13 butterflies (Vaults:3)
  A lurking horror (Abyss:4)
2677 creatures vanquished.

Vanquished Creatures (collateral kills)
  the Royal Jelly (Slime:5)
  5 death scarabs (Tomb:3)
  3 ugly things (D:15)
  A yaktaur (Vaults:4)
  2 guardian mummies (Tomb:3)
  2 flying skulls (Tomb:3)
  An ushabti (Tomb:3)
  2 mummies
17 creatures vanquished.

Vanquished Creatures (others)
  4 royal mummies
  A lich (Tomb:2)
  2 ancient champions
  A ghost moth (Zot:5)
  5 bennus
  A yellow draconian (Zot:3)
  9 mummy priests
  A titan skeleton (Tomb:2)
  3 skeletal warriors (Tomb:3)
  A deep troll (Vaults:2)
  A wizard (Vaults:2)
  A deep elf zephyrmancer (Elf:1)
  A necromancer (Depths:2)
  An ugly thing (D:15)
  An iron dragon skeleton (Tomb:2)
  A centaur skeleton (Tomb:3)
  10 dancing weapons
  A catoblepas zombie (Tomb:2)
  A hellwing (D:1)
  18 guardian mummies
  9 bloated husks
  4 flying skulls (Tomb:3)
  A spriggan (Swamp:1)
  5 humans (Spider:1)
  A redback (Spider:4)
  18 ushabtiu (Tomb:3)
  A small abomination (Abyss:1)
  A swamp dragon zombie (Swamp:4)
  A phantom (Swamp:4)
  An elephant simulacrum (Vaults:2)
  An orc wizard (D:7)
  A spectral swamp drake (Swamp:4)
  25 mummies
  3 orcs
  7 bushes (D:1)
  5 foxfires (Swamp:2)
  20 fungi
  104 plants
  6 toadstools (D:2)
278 creatures vanquished.

Grand Total: 2972 creatures vanquished

Table legend:
 A = Non-vault XP
 B = Vault XP
 C = Vault XP percentage of total XP
 D = Non-vault monster count
 E = Vault monster count
 F = Vault count percentage of total count
                 A         B        C        D         E       F
            +---------+---------+-------+---------+---------+-------
      Total |  776561 |  853083 |  52.3 |    1423 |    1196 |  45.7
            +---------+---------+-------+---------+---------+-------
        D:1 |      25 |      18 |  41.9 |      16 |       2 |  11.1
        D:2 |      82 |      17 |  17.2 |      18 |       9 |  33.3
        D:3 |      32 |       0 |   0.0 |      13 |       0 |   0.0
        D:4 |     305 |       7 |   2.2 |      24 |       2 |   7.7
        D:5 |     844 |      16 |   1.9 |      29 |       3 |   9.4
        D:6 |     634 |     924 |  59.3 |      11 |       3 |  21.4
        D:7 |     477 |      45 |   8.6 |       7 |       1 |  12.5
        D:8 |    3563 |    1838 |  34.0 |      19 |       8 |  29.6
        D:9 |    2270 |    5255 |  69.8 |      25 |      30 |  54.5
       D:10 |    3289 |    1553 |  32.1 |      25 |       4 |  13.8
       D:11 |    2360 |       0 |   0.0 |      11 |       0 |   0.0
       D:12 |    5733 |    1900 |  24.9 |      15 |       3 |  16.7
       D:13 |    4753 |    3100 |  39.5 |      16 |      10 |  38.5
       D:14 |    9674 |    5667 |  36.9 |      25 |      20 |  44.4
       D:15 |   17209 |    1725 |   9.1 |      24 |       2 |   7.7
     Lair:1 |    5907 |    2594 |  30.5 |      23 |       6 |  20.7
     Lair:2 |    5960 |    7641 |  56.2 |      17 |      24 |  58.5
     Lair:3 |    4959 |    2428 |  32.9 |      15 |       4 |  21.1
     Lair:4 |   19521 |     628 |   3.1 |      48 |       4 |   7.7
     Lair:5 |   11044 |    8260 |  42.8 |      29 |      18 |  38.3
    Swamp:1 |   20266 |   16068 |  44.2 |      35 |      26 |  42.6
    Swamp:2 |   11794 |    1361 |  10.3 |      20 |       1 |   4.8
    Swamp:3 |   13734 |    1305 |   8.7 |      22 |       1 |   4.3
    Swamp:4 |    6114 |   10969 |  64.2 |      12 |      35 |  74.5
   Spider:1 |   10019 |    4635 |  31.6 |      27 |       6 |  18.2
   Spider:2 |   19205 |    3575 |  15.7 |      40 |       2 |   4.8
   Spider:3 |   15984 |     289 |   1.8 |      42 |       1 |   2.3
   Spider:4 |   15602 |   15879 |  50.4 |      38 |      35 |  47.9
    Slime:1 |    7136 |       0 |   0.0 |       9 |       0 |   0.0
    Slime:2 |    7909 |       0 |   0.0 |      14 |       0 |   0.0
    Slime:3 |    6556 |       0 |   0.0 |       9 |       0 |   0.0
    Slime:4 |    6027 |    2621 |  30.3 |       9 |       2 |  18.2
    Slime:5 |    8614 |   27260 |  76.0 |      23 |      17 |  42.5
      Orc:1 |    1141 |      33 |   2.8 |      19 |      11 |  36.7
      Orc:2 |    2199 |   23322 |  91.4 |      10 |     143 |  93.5
      Elf:1 |   16559 |    8481 |  33.9 |      29 |      13 |  31.0
      Elf:2 |   13730 |    6384 |  31.7 |      27 |       7 |  20.6
      Elf:3 |   13990 |   26710 |  65.6 |      26 |      24 |  48.0
   Vaults:1 |   11680 |   27785 |  70.4 |      22 |      36 |  62.1
   Vaults:2 |   29132 |   31348 |  51.8 |      42 |      48 |  53.3
   Vaults:3 |   17418 |   17408 |  50.0 |      25 |      22 |  46.8
   Vaults:4 |   33908 |   39583 |  53.9 |      52 |      46 |  46.9
   Vaults:5 |   19917 |   93049 |  82.4 |      26 |      83 |  76.1
    Crypt:1 |   19140 |    6966 |  26.7 |      36 |       8 |  18.2
    Crypt:2 |   23127 |    8761 |  27.5 |      33 |       4 |  10.8
    Crypt:3 |       0 |   68833 | 100.0 |       0 |     126 | 100.0
     Tomb:1 |   14494 |   50261 |  77.6 |      24 |      49 |  67.1
     Tomb:2 |    1029 |   18090 |  94.6 |      10 |      26 |  72.2
     Tomb:3 |    5905 |     543 |   8.4 |      15 |       4 |  21.1
   Depths:1 |   23163 |   17327 |  42.8 |      30 |      19 |  38.8
   Depths:2 |   22572 |   44412 |  66.3 |      28 |      47 |  62.7
   Depths:3 |   24397 |   43025 |  63.8 |      33 |      33 |  50.0
   Depths:4 |   48403 |   17753 |  26.8 |      52 |      17 |  24.6
      Zot:1 |   41609 |    9512 |  18.6 |      34 |       8 |  19.0
      Zot:2 |   43930 |       0 |   0.0 |      40 |       0 |   0.0
      Zot:3 |   34440 |    8130 |  19.1 |      28 |       8 |  22.2
      Zot:4 |   14394 |    4359 |  23.2 |      10 |       2 |  16.7
      Zot:5 |   32729 |  116670 |  78.1 |      26 |      43 |  62.3
    Abyss:1 |    1328 |       0 |   0.0 |       3 |       0 |   0.0
    Abyss:2 |   15030 |       0 |   0.0 |      26 |       0 |   0.0
    Abyss:3 |    1092 |       0 |   0.0 |       1 |       0 |   0.0
    Abyss:4 |    1940 |   10080 |  83.9 |       4 |      12 |  75.0
      Sewer |       0 |     130 | 100.0 |       0 |      10 | 100.0
    Ossuary |       0 |     255 | 100.0 |       0 |      39 | 100.0
     WizLab |     564 |   26295 |  97.9 |       2 |      29 |  93.5
            +---------+---------+-------+---------+---------+-------

Illustrated notes

Table legend:
 A = Kills in this place as a percentage of kills in entire the game.
 B = Kills by you in this place as a percentage of kills by you in the entire game.
 C = Kills by friends in this place as a percentage of kills by friends in the entire game.
 D = Other kills in this place as a percentage of other kills in the entire game.
 E = Experience gained in this place as a percentage of experience gained in the entire game.
 F = Experience gained in this place divided by the number of levels of this place that you have seen.
                   A       B       C       D       E      F
               +-------+-------+-------+-------+-------+----------------------
         Total | 100.0 | 100.0 | 100.0 | 100.0 | 100.0 | 25724.1
       Dungeon |  16.0 |  16.0 |  17.6 |   9.1 |   7.6 | 8657.7
          Lair |   7.0 |   7.0 |   0.0 |   9.1 |   4.1 | 13788.4
         Swamp |   5.7 |   5.6 |   0.0 |  27.3 |   4.8 | 20402.8
   Spider Nest |   7.1 |   7.2 |   0.0 |   0.0 |   5.0 | 21297.0
    Slime Pits |   3.1 |   3.1 |   5.9 |   0.0 |   3.9 | 13224.6
  Orcish Mines |   6.8 |   6.9 |   0.0 |   0.0 |   1.6 | 13347.5
   Elven Halls |   4.7 |   4.7 |   0.0 |   0.0 |   5.1 | 28618.0
        Vaults |  15.0 |  15.1 |   5.9 |   0.0 |  18.9 | 64245.6
         Crypt |   7.7 |   7.8 |   0.0 |   0.0 |   7.5 | 42275.7
          Tomb |   4.8 |   4.2 |  70.6 |  36.4 |   5.3 | 30107.3
        Depths |   9.9 |  10.0 |   0.0 |   0.0 |  14.7 | 62551.5
           Zot |   7.5 |   7.5 |   0.0 |  18.2 |  18.2 | 61643.0
         Abyss |   1.7 |   1.7 |   0.0 |   0.0 |   1.7 | 7367.5
         Sewer |   0.4 |   0.4 |   0.0 |   0.0 |   0.0 | 130.0
       Ossuary |   1.5 |   1.5 |   0.0 |   0.0 |   0.0 | 255.0
        Wizlab |   1.2 |   1.2 |   0.0 |   0.0 |   1.6 | 26859.0
               +-------+-------+-------+-------+-------+----------------------

Table legend: (Time is in decaauts)
 A = Elapsed time spent in this place.
 B = Non-inter-level travel time spent in this place.
 C = Inter-level travel time spent in this place.
 D = Time resting spent in this place.
 E = Time spent auto-exploring this place.
 F = Levels seen in this place.
 G = Mean time per level.
                   A        B        C        D        E       F      G
               +--------+--------+--------+--------+--------+-----+--------+
         Total |  76775 |  63967 |  12808 |   6726 |  35135 |  66 | 1163.3 |
       Dungeon |  21368 |  15402 |   5966 |   1757 |   9517 |  15 | 1424.5 |
        Temple |     30 |     19 |     11 |      0 |     10 |   1 |   30.0 |
          Lair |   6541 |   5182 |   1359 |    282 |   3236 |   5 | 1308.2 |
         Swamp |   3935 |   3660 |    275 |    308 |   1864 |   4 |  983.8 |
   Spider Nest |   5118 |   4845 |    273 |    467 |   3010 |   4 | 1279.5 |
    Slime Pits |   1904 |   1638 |    266 |    390 |    401 |   5 |  380.8 |
  Orcish Mines |   2965 |   2166 |    799 |    141 |    943 |   2 | 1482.5 |
   Elven Halls |   4347 |   3916 |    431 |    588 |   2208 |   3 | 1449.0 |
        Vaults |   9643 |   8350 |   1293 |    663 |   4630 |   5 | 1928.6 |
         Crypt |   3129 |   2789 |    340 |     51 |   1849 |   3 | 1043.0 |
          Tomb |   3210 |   2889 |    321 |    374 |   1345 |   3 | 1070.0 |
        Depths |   5553 |   4839 |    714 |    354 |   2416 |   4 | 1388.2 |
           Zot |   6439 |   5682 |    757 |    967 |   2638 |   5 | 1287.8 |
         Abyss |    937 |    937 |      0 |    124 |    403 |   4 |  234.2 |
         Sewer |    327 |    327 |      0 |      0 |    167 |   1 |  327.0 |
       Ossuary |    405 |    405 |      0 |      0 |    164 |   1 |  405.0 |
        Wizlab |    916 |    916 |      0 |    257 |    332 |   1 |  916.0 |
               +--------+--------+--------+--------+--------+-----+--------+

Top non-repeatable levels by time:
Vaults:2: 2571 daAuts
   Orc:2: 2440 daAuts
Vaults:4: 2384 daAuts
     D:1: 2002 daAuts
   Elf:3: 1932 daAuts
Vaults:5: 1911 daAuts
    D:10: 1884 daAuts
  Tomb:1: 1738 daAuts
   Zot:5: 1708 daAuts
     D:6: 1654 daAuts
   Zot:1: 1569 daAuts
Depths:2: 1550 daAuts
     D:2: 1535 daAuts
Spider:3: 1500 daAuts
    D:15: 1486 daAuts
